 Dungeon Crawl Stone Soup version 0.31.0-11-ge490571c62 (webtiles) character file.

Game seed: 3643842389649714835

3314855 shadowrider38 the Metallomancer (level 27, 284/326 (354) HPs)
             Began as a Pale Draconian Conjurer on Jan 25, 2024.
             Was the Champion of Ashenzari.
             Escaped with the Orb
             ... and 6 runes on Jan 27, 2024!
             The game lasted 04:27:45 (101849 turns).

shadowrider38 the Metallomancer (DrCj)            Turns: 101849, Time: 04:27:45

HP:   284/326 (354) AC: 34    Str: 10    XL:     27
MP:   50/61         EV: 16    Int: 50    God:    Ashenzari [******]
Gold: 2725          SH: 16    Dex: 13    Spells: 2/77 levels left

rFire   + . .        a - staff of the Chained Vexation (curse) {^Drain rF+ Dex+5 Fire Air Earth, Self, Elem} (curse)
rCold   + . .        t - +3 kite shield "Per Aspera Ad Scientiam" {AC+3, Sorc, Self} (curse)
rNeg    + . .        (body armour unavailable)
rPois   ∞            M - +1 hat of the Mantic Welkin {Int+3, Elem, Range} (curse)
rElec   +            b - +2 cloak "I Foresaw This" {Will+, Comp, Elem} (curse)
rCorr   .            j - melded +2 pair of gloves of the Profound Sorrow {rCorr Str+3, Melee, Self} (curse)
SInv    +            C - melded +1 pair of boots of Ashenzari's Yoke {Elem, Self} (curse)
Will    ++++.        J - amulet of Ashenzari's Irritation {RegenMP, Sorc, Self} (curse)
Stlth   +++          l - ring of Supernal Knowledge {+Blink MP+9 Str-3 Int+8, Melee, Elem} (curse)
HPRegen 0.74/turn    I - ring "Enigmatic Trepidation" {rPois rC+ Will+ Int+7, Bglg, Elem} (curse)
MPRegen 0.77/turn

%: clarity
@: statue-form, studying 3 skills, drained, very slow
A: slow and powerful, torment resistance 1, boosted hp, (breathe steam), AC +13,
unfitting armour, cold-blooded, steam resistance, stinger 1, clumsy 1,
deterioration 1, robust 1, wild magic 1, MP-powered wands, persistent drain
0: Orb of Zot
}: 6/15 runes: serpentine, barnacled, slimy, silver, abyssal, glowing
a: Begin Untransformation, Renounce Religion, Evoke Blink, Shatter the Chains


You escaped.
You worshipped Ashenzari.
Ashenzari was exalted by your worship.
You were a living statue of rough stone.
You visited 11 branches of the dungeon, and saw 55 of its levels.
You visited Pandemonium 2 times, and saw 13 of its levels.
You visited the Abyss 2 times.
You visited 1 ziggurat, and saw 21 of its levels.
You also visited: Ice Cave.

You collected 7950 gold pieces.
You spent 5225 gold pieces at shops.

Inventory:

Missiles
 F - a curare-tipped dart
 Z - 5 throwing nets
Armour
 b - the cursed +2 cloak "I Foresaw This" (worn) {Will+, Comp, Elem}
   (You found it on level 5 of the Pits of Slime)

   It has a curse which improves the following skills: Companions: Summonings
   and Necromancy.
   Elements:  Fire Magic, Ice Magic, Air Magic and Earth Magic.
 j - the cursed +2 pair of gloves of the Profound Sorrow (melded) {rCorr Str+3, Melee, Self}
   (You found it on level 14 of the Dungeon)

   Str+3:     It affects your strength (+3).
   rCorr:     It protects you from acid and corrosion.
   It has a curse which improves the following skills: Melee Combat: Short
   Blades, Long Blades, Axes, Maces & Flails, Polearms, Staves and Unarmed
   Combat.
   Introspection: Fighting and Spellcasting.
 q - a +0 kite shield of reflection
 t - the cursed +3 kite shield "Per Aspera Ad Scientiam" (worn) {AC+3, Sorc, Self}
   (You took it off a naga warrior on level 3 of the Snake Pit)

   It has a curse which improves the following skills: Sorcery: Conjurations and
   Alchemy.
   Introspection: Fighting and Spellcasting.
 v - the +3 warlock's mirror {omnireflect}
   (You took it off a deep elf demonologist on level 5 of the Vaults)

   Omnireflect: It can block and reflect piercing ranged attacks and magical
   attacks against the wielder's willpower.
 C - the cursed +1 pair of boots of Ashenzari's Yoke (melded) {Elem, Self}
   (You found it on level 1 of the Lair of Beasts)

   It has a curse which improves the following skills: Elements: Fire Magic, Ice
   Magic, Air Magic and Earth Magic.
   Introspection: Fighting and Spellcasting.
 M - the cursed +1 hat of the Mantic Welkin (worn) {Int+3, Elem, Range}
   (You found it on level 5 of the Lair of Beasts)

   It has a curse which improves the following skills: Elements: Fire Magic, Ice
   Magic, Air Magic and Earth Magic.
   Ranged Combat: Ranged Weapons and Throwing.
Magical Staves
 a - the cursed staff of the Chained Vexation (weapon) {^Drain rF+ Dex+5 Fire Air Earth, Self, Elem}
   (You found it on level 4 of the Shoals)

   [staff of fire]

   Base accuracy: +5 Base damage: 5 Base attack delay: 1.2 This weapon's minimum
   attack delay (0.6) is reached at skill level 12.
   Dex+5:     It affects your dexterity (+5).
   rF+:       It protects you from fire.
   ^Drain:    It drains your maximum health when unequipped.
   Fire:      It increases the power of your Fire spells.
   Air:       It increases the power of your Air spells.
   Earth:     It increases the power of your Earth spells.
   It falls into the 'Staves' category.
   It is a one-handed weapon.
   It has a curse which improves the following skills: Introspection: Fighting
   and Spellcasting.
   Elements:  Fire Magic, Ice Magic, Air Magic and Earth Magic.
 i - the staff "Raereog" {Fly rPois rF+ Will++ Stlth+ Fire}
   (You found it on level 19 of a ziggurat)

   [staff of fire]

   Base accuracy: +5 Base damage: 5 Base attack delay: 1.2 This weapon's minimum
   attack delay (0.6) is reached at skill level 12.
   rF+:       It protects you from fire.
   rPois:     It protects you from poison Will++: It greatly increases your
   willpower.
   Fly:       It grants you flight.
   Stlth+:    It makes you more stealthy.
   Fire:      It increases the power of your Fire spells.
   It falls into the 'Staves' category.
   It is a one-handed weapon.
Jewellery
 l - the cursed ring of Supernal Knowledge (left fist) {+Blink MP+9 Str-3 Int+8, Melee, Elem}
   (You found it on level 18 of a ziggurat)

   [ring of magical power]

   Str-3:     It affects your strength (-3).
   Int+8:     It affects your intelligence (+8).
   MP+9:      It affects your magic capacity (+9).
   +Blink:    It lets you blink.
   It has a curse which improves the following skills: Melee Combat: Short
   Blades, Long Blades, Axes, Maces & Flails, Polearms, Staves and Unarmed
   Combat.
   Elements:  Fire Magic, Ice Magic, Air Magic and Earth Magic.
 I - the cursed ring "Enigmatic Trepidation" (right fist) {rPois rC+ Will+ Int+7, Bglg, Elem}
   (You bought it in a shop on level 3 of the Elven Halls)

   [ring of protection from cold]

   Int+7:     It affects your intelligence (+7).
   rC+:       It protects you from cold.
   rPois:     It protects you from poison Will+: It increases your willpower.
   It has a curse which improves the following skills: Beguiling: Hexes and
   Translocations.
   Elements:  Fire Magic, Ice Magic, Air Magic and Earth Magic.
 J - the cursed amulet of Ashenzari's Irritation (around neck) {RegenMP, Sorc, Self}
   (You found it on level 3 of the Lair of Beasts)

   [amulet of magic regeneration]

   RegenMP:   It increases your rate of magic regeneration.
   It has a curse which improves the following skills: Sorcery: Conjurations and
   Alchemy.
   Introspection: Fighting and Spellcasting.
Talismans
 c - a talisman of death
 g - the granite talisman "Ytug" (active) {Int+3}
   (You bought it in a shop on level 3 of the Depths)

   [granite talisman]

   Int+3:     It affects your intelligence (+3).
Wands
 e - a wand of light (20)
 D - a wand of digging (22)
 P - a wand of paralysis (34)
 W - a wand of roots (75)
Scrolls
 f - 9 scrolls of immolation
 h - 3 scrolls of revelation
 o - 3 scrolls of butterflies
 s - 10 scrolls of amnesia
 y - 12 scrolls of fog
 B - a scroll of blinking
 E - 7 scrolls of fear
 L - 12 scrolls of vulnerability
 O - 2 scrolls of silence {!r}
 R - 7 scrolls of poison
 T - 16 scrolls of teleportation
 V - 7 scrolls of enchant armour
 X - 12 scrolls of enchant weapon
Potions
 d - 12 potions of mutation
 k - 2 potions of enlightenment
 n - a potion of cancellation
 p - 6 potions of resistance
 r - 12 potions of might
 u - 8 potions of attraction
 w - 3 potions of invisibility
 x - 2 potions of magic
 z - 10 potions of heal wounds
 A - 7 potions of lignification
 G - 7 potions of brilliance
 H - 6 potions of haste
 Q - 17 potions of curing
Miscellaneous
 m - a lightning rod (4/4)
 K - a phantom mirror
 N - a sack of spiders
 U - a phial of floods
 Y - a tin of tremorstones (2/2)


   Skills:
 + Level 16.3(20.9) Fighting
 - Level 14.0(16.3) Staves
 - Level 12.0 Dodging
 - Level 21.0 Stealth
 - Level 15.0 Shields
 * Level 21.6(25.9) Spellcasting
 - Level 11.3(14.9) Conjurations
 - Level 12.6(15.0) Summonings
 - Level 9.8(12.3) Translocations
 - Level 19.1(25.4) Fire Magic
 - Level 6.1(12.3) Ice Magic
 - Level 15.3(21.9) Air Magic
 - Level 21.7(27) Earth Magic
 - Level 10.0(13.6) Alchemy
 - Level 12.0 Evocations
 - Level 16.0 Shapeshifting


You had 2 spell levels left.
You knew the following spells:

 Your Spells              Type           Power      Damage    Failure   Level
a - Plasma Beam           Fire/Air       100%       2x1d120   1%          6
b - Maxwell's Capacitive  Air            89%        ∞         1%          8
c - Shatter               Erth           95%        3d68*     1%          9
d - Iskenderun's Mystic   Conj/Tloc      100%       2d19      1%          4
e - Lehudib's Crystal Sp  Conj/Erth      88%        10d20     1%          8
f - Spellforged Servitor  Conj/Summ      67%        N/A       1%          7
g - Freezing Cloud        Conj/Ice/Air   82%        6-21      1%          5
h - Dispersal             Tloc           63%        N/A       1%          6
i - Ignition              Fire           93%        3d24      1%          8
r - Irradiate             Conj/Alch      66%        3d33      1%          5
w - Borgnjor's Vile Clut  Necr/Erth      78%        N/A       1%          5
z - Passage of Golubria   Tloc           100%       N/A       1%          4

Your spell library contained the following spells:

 Spells                   Type           Power      Damage    Failure   Level
 Apportation              Tloc           100%       N/A       1%          1
 Foxfire                  Conj/Fire      100%       2x1d9     1%          1
 Freeze                   Ice            100%       1d10      1%          1
 Kiss of Death            Conj/Necr      100%       2d13      1%          1
 Magic Dart               Conj           100%       1d8       1%          1
 Necrotise                Necr           100%       1d9       1%          1
 Sandblast                Erth           100%       2d20      1%          1
 Slow                     Hex            100%       N/A       1%          1
 Sting                    Conj/Alch      100%       1d9       1%          1
 Summon Small Mammal      Summ           100%       N/A       1%          1
 Blink                    Tloc           100%       N/A       1%          2
 Call Imp                 Summ           100%       N/A       1%          2
 Ensorcelled Hibernation  Hex/Ice        100%       N/A       1%          2
 Jinxbite                 Hex            100%       N/A       1%          2
 Lesser Beckoning         Tloc           100%       N/A       1%          2
 Mercury Vapours          Alch/Air       100%       N/A       1%          2
 Momentum Strike          Conj/Tloc      100%       3d10      1%          2
 Scorch                   Fire           100%       2d9       1%          2
 Searing Ray              Conj           100%       2d8       1%          2
 Static Discharge         Conj/Air       100%       3-8/arc   1%          2
 Call Canine Familiar     Summ           100%       N/A       1%          3
 Dazzling Flash           Conj/Hex       100%       N/A       1%          3
 Frozen Ramparts          Ice            100%       1d16      1%          3
 Gell's Gravitas          Tloc           100%       N/A       1%          3
 Hailstorm                Conj/Ice       100%       3d16      1%          3
 Mephitic Cloud           Conj/Alch/Air  100%       N/A       1%          3
 Ozocubu's Armour         Ice            100%       N/A       1%          3
 Passwall                 Erth           100%       N/A       1%          3
 Stone Arrow              Conj/Erth      100%       3d13      1%          3
 Summon Ice Beast         Ice/Summ       100%       N/A       1%          3
 Swiftness                Air            100%       N/A       1%          3
 Teleport Other           Tloc           100%       N/A       1%          3
 Volatile Blastmotes      Fire/Tloc      100%       2d18      1%          3
 Airstrike                Air            89%        2d(13-29) 1%          4
 Brom's Barrelling Bould  Conj/Erth      100%       2d11      1%          4
 Dimensional Bullseye     Hex/Tloc       52%        N/A       1%          4
 Flame Wave               Conj/Fire      100%       2d21      1%          4
 Fulminant Prism          Conj/Alch      66%        3d28      1%          4
 Ignite Poison            Fire/Alch      100%       N/A       1%          4
 Leda's Liquefaction      Alch/Erth      87%        N/A       1%          4
 Manifold Assault         Tloc           100%       N/A       1%          4
 Martyr's Knell           Necr/Summ      100%       N/A       1%          4
 Olgreb's Toxic Radiance  Alch           100%       N/A       1%          4
 Petrify                  Alch/Erth      100%       N/A       1%          4
 Sticky Flame             Fire/Alch      100%       2d15      1%          4
 Summon Blazeheart Golem  Fire/Summ      100%       N/A       1%          4
 Summon Lightning Spire   Summ/Air       100%       N/A       1%          4
 Vhi's Electric Charge    Tloc/Air       100%       N/A       1%          4
 Arcjolt                  Conj/Air       85%        1d95      1%          5
 Fireball                 Conj/Fire      87%        3d32      1%          5
 Iskenderun's Battlesphe  Conj           100%       2d15      1%          5
 Lee's Rapid Deconstruct  Erth           95%        3d42*     1%          5
 Metabolic Englaciation   Hex/Ice        52%        N/A       1%          5
 Silence                  Hex/Air        74%        N/A       1%          5
 Summon Forest            Summ/Tloc      66%        N/A       1%          5
 Summon Mana Viper        Hex/Summ       100%       N/A       1%          5
 Yara's Violent Unravell  Hex/Alch       54%        3d21      1%          5
 Bombard                  Conj/Erth      88%        9d14      1%          6
 Conjure Ball Lightning   Conj/Air       85%        3x3d32    1%          6
 Eringya's Noxious Bog    Alch           65%        4d6       1%          6
 Sculpt Simulacrum        Ice/Alch       65%        N/A       1%          6
 Starburst                Conj/Fire      87%        6d22      1%          6
 Summon Cactus Giant      Summ           67%        N/A       1%          6
 Monstrous Menagerie      Summ           67%        N/A       1%          7
 Orb of Destruction       Conj           67%        9d16      1%          7
 Summon Hydra             Summ           67%        N/A       1%          7
 Confusing Touch          Hex            73%        N/A       2%          3
 Fugue of the Fallen      Necr           73%        N/A       2%          3
 Sigil of Binding         Hex            73%        N/A       2%          3
 Tukima's Dance           Hex            73%        N/A       2%          3
 Vampiric Draining        Necr           73%        2d11      2%          3
 Malign Gateway           Summ/Tloc      66%        N/A       2%          7
 Ozocubu's Refrigeration  Ice            64%        4d21      3%          7
 Anguish                  Hex/Necr       36%        N/A       5%          4
 Animate Dead             Necr           73%        N/A       5%          4
 Cause Fear               Hex            36%        N/A       5%          4
 Dispel Undead            Necr           73%        3d24      5%          4
 Summon Horrible Things   Summ           67%        N/A       9%          8
 Curse of Agony           Necr           73%        N/A       13%         5
 Haunt                    Necr/Summ      55%        N/A       21%         7
 Disjunction              Tloc           63%        N/A       22%         8
 Death Channel            Necr           36%        N/A       54%         6
 Dragon's Call            Summ           67%        N/A       71%         9
 Enfeeble                 Hex            36%        N/A       97%         7
 Borgnjor's Revivificati  Necr           36%        N/A       100%        8
 Discord                  Hex            36%        N/A       100%        8
 Infestation              Necr           36%        N/A       100%        8
 Death's Door             Necr           36%        N/A       100%        9
 Sublimation of Blood     Necr           Unusable   N/A       N/A         2
 Animate Armour           Summ/Erth      Unusable   N/A       N/A         4

Dungeon Overview and Level Annotations

Branches:
Dungeon (15/15)            Temple (0/1) D:6            Lair (5/5) D:10
 Shoals (4/4) Lair:2        Snake (4/4) Lair:3        Slime (5/5) Lair:4
    Orc (2/2) D:12            Elf (3/3) Orc:2        Vaults (5/5) D:14
  Crypt (3/3) Vaults:2       Tomb (0/3) Crypt:3      Depths (4/4) D:15
    Zot (5/5) Depths:4      IceCv (visited)

Altars:
Ashenzari
Dithmenos
Elyvilon
Fedhas
Kikubaaqudgha
Nemelex Xobeh
Okawaru
Sif Muna
Trog
Xom
Yredelemnul
Zin
The Shining One

Shops:
D:4 (   D:9 :   D:11 *   Orc:1 ?   Orc:2 *:[=   Elf:1 ([   Elf:3 *
Shoals:2 :([[   Shoals:3 *   Shoals:4 (   Snake:1 =:=   Depths:3 !=?=

Portals:
Hell: Depths:1 Depths:2 Depths:3 Depths:4
Abyss: Depths:1 Depths:3 Depths:4
Pandemonium: Depths:2

Annotations:
D:2 exclusion: 2 downstairs
D:4 exclusion: 2 downstairs
D:7 exclusion: downstairs
D:8 exclusion: 2 downstairs
D:14 1 runed translucent door, exclusion: downstairs, Opnastoc's ghost, journeyman MiBe
Lair:1 exclusion: downstairs
Lair:3 exclusion: 2 downstairs
Snake:2 1 runed translucent door, Ovesh's ghost, journeyman OpSh
Elf:2 3 runed translucent doors
Vaults:2 3 runed translucent doors, Implojin's ghost, adept DEGl
Depths:1 1 runed translucent door
Depths:2 2 runed translucent doors, exclusion: downstairs, Xoedokom's ghost, adept TrMo


Innate Abilities, Weirdness & Mutations

You are a living statue of rough stone.
Your actions are slow, but your melee attacks are powerful.
You are resistant to unholy torment.
Your maximum health is greatly increased.
Your equipment is partially melded.
((You can breathe blasts of scalding, opaque steam.))
((Your pale cyan-grey scales are hard. (AC +13)))
You cannot fit into any form of body armour.
You are immune to poison.
You are cold-blooded and may be slowed by cold attacks.
You are immune to the effects of steam.
Your tail ends in a venomous barb.
You are clumsy. (Dex -2)
Your body sometimes deteriorates upon taking damage.
You are robust. (+10% HP)
Your spells are a little harder to cast, but a little more powerful.
You expend magic power (3 MP) to strengthen your wands.
Your health recovers twice as slowly from being drained.


Message History

You climb upwards.
Level annotation: exclusion: 2 downstairs
There is a stone staircase leading down here.
There is an open door here.
Your magic seems less tainted.
There is a stone staircase leading down here.
There is a stone staircase leading up here.
You start resting.
A hellwing comes into view.
You climb upwards.
There is a stone staircase leading down here.
What level of the Dungeon? (default 2, ? - help)
You open the door.
There is an open door here.
There is an open door here.
A Hell Sentinel comes into view.
Unknown command.
Aiming: Borgnjor's Vile Clutch (mildly dangerous; 1% risk of failure)
Press: ? - help, Q - select action, (/) - cycle Shift-Dir - straight line, f - Hell Sentinel
Aim: a Hell Sentinel (100% to hit)
You feel a surge of power!
Zombie hands grab the Hell Sentinel.
The zombie hands constrict the Hell Sentinel!
The Hell Sentinel escapes!
Casting: Borgnjor's Vile Clutch (mildly dangerous; 1% risk of failure)
Confirm with . or Enter, or press ? or * to list all spells.
Aiming: Lehudib's Crystal Spear (mildly dangerous; 1% risk of failure)
Press: ? - help, Shift-Dir - straight line, f/p - Hell Sentinel
Aim: a Hell Sentinel (lightly wounded, 99% to hit)
You feel a surge of power!
The crystal spear hits the Hell Sentinel!!!!
The Hell Sentinel is severely wounded.
The Hell Sentinel gestures at you.
The sphere of damnation explodes!
The damnation engulfs you!!!
Casting: Lehudib's Crystal Spear (mildly dangerous; 1% risk of failure)
Confirm with . or Enter, or press ? or * to list all spells.
Aiming: Lehudib's Crystal Spear (mildly dangerous; 1% risk of failure)
Press: ? - help, Shift-Dir - straight line, f/p - Hell Sentinel
Aim: a Hell Sentinel (severely wounded, 99% to hit)
You feel a surge of power!
The crystal spear hits the Hell Sentinel!!!!
You kill the Hell Sentinel!
A reaper opens the large door.
A reaper comes into view.
It is wielding a +4 scythe of protection.
You block the reaper's attack. x2
Blink to where?
Press: ? - help, Dir - move target
As you read the scroll of blinking, it crumbles to dust.
Unknown command.
You have escaped!

#...#### #.##...#......#.###.#
......# #.###.###.....#.....#
##.##.# #.....# #.....########
##.##.# #####.######.###.....#
##.##.# #.......# #.........#
##.##.# ######### #####.....#
...##.# ####.....### ##......#
.#....###..'.....#.## #..#.#..#
.#.#...##.##.28.8#..####......##
.#........''.....#..'.....#.#..#
.#.#...#####.....#..####.......#
.#.##.## ########.### ##..###.##
....#.# #..........#####.###..#
###.#.# ##########.....#.......
#.#.# ##....#######. ###.#.#
#....# #. #.#.#.# #....# #.


You could see a reaper.

Vanquished Creatures
  Mnoleg (Pan)
  Ignacio (Pan)
  3 dread liches
  Tiamat (Zot:1)
  6 pandemonium lords
  Khufu (Crypt:2)
  7 ancient liches
  3 orbs of fire
  4 royal mummies
  Sojobo (Crypt:2)
  5 Killer Klowns
  Saint Roka (Depths:1)
  Vashnia (Snake:4)
  3 caustic shrikes (Depths:4)
  6 golden dragons
  A profane servitor (Crypt:3)
  2 bone dragons
  Nikola (Vaults:3)
  2 hellephants (Abyss:3)
  6 Tzitzimimeh
  5 Ice Fiends
  Rupert (D:13)
  A walking crystal tome (Depths:3)
  Jorgrun (D:15)
  9 liches
  4 titans
  The ghost of Zotwa the Pandemonic, an adept GnSk of Makhleb (Vaults:1)
  8 Orb Guardians
  A quicksilver dragon (shapeshifter) (Zig:8)
  3 deep elf blademasters (Elf:3)
  4 tentacled monstrosities
  5 quicksilver dragons
  6 Hell Sentinels
  Asterion (Vaults:3)
  25 acid blobs
  6 deep elf master archers
  3 death cobs
  5 tentacled starspawn
  4 ancient champions
  2 sphinxes (Vaults:5)
  3 krakens
  Polyphemus (Shoals:3)
  6 Executioners
  8 tengu reavers
  11 shadow dragons
  Roxanne (D:15)
  Kirke (Snake:1)
  3 revenants
  Aizul (Snake:2)
  31 nagarajas
  4 storm dragons
  Donald (Shoals:2)
  12 azure jellies
  4 demonspawn warmongers (Pan)
  4 fire giants
  9 draconian monks
  12 rockslimes
  6 draconian knights
  Ilsuiw (Shoals:4)
  17 vault wardens
  9 deep elf sorcerers
  3 draconian shifters (Abyss:3)
  4 frost giants
  8 protean progenitors
  11 balrugs
  The ghost of peterlawrence the Warrior, a journeyman MiFi of Okawaru (Lair:5)
  7 draconian scorchers
  A juggernaut zombie (Crypt:1)
  2 iron dragons
  Louise (Shoals:1)
  19 ironbound preservers
  3 deep elf elementalists (Elf:3)
  10 cacodemons
  5 curse skulls
  10 reapers
  9 demonspawn corrupters (Pan)
  5 draconian stormcallers
  6 draconian annihilators
  7 orc warlords
  4 ghouls
  14 quicksilver oozes
  9 demonspawn blood saints (Pan)
  A spriggan defender (Depths:3)
  13 formless jellyfish
  14 ironbound thunderhulks
  4 green draconians
  29 very ugly things
  5 demonspawn black suns (Pan)
  6 deep elf demonologists
  15 stone giants
  2 bennus (Zig:15)
  9 deep elf death magi
  11 vampire knights
  11 black draconians
  5 purple draconians
  7 red draconians
  5 war gargoyles
  4 yellow draconians
  6 white draconians
  9 lorocyprocas (Pan)
  Azrael (Snake:3)
  4 spark wasps (Depths:1)
  12 dire elephants
  6 deep elf annihilators
  3 eidola
  2 crystal guardians (Vaults:1)
  10 ettins
  9 blizzard demons (Pan)
  2 green deaths (Pan)
  3 merfolk javelineers (Shoals:4)
  A quicksilver dragon zombie (Crypt:1)
  6 merfolk impalers
  An entropy weaver (Vaults:1)
  12 yaktaur captains
  A shambling mangrove (Zig:7)
  27 jiangshi
  5 fire dragons
  A spriggan zombie (Zig:15)
  9 mummy priests (Zig:15)
  2 deep elf high priests (Elf:3)
  2 caustic shrike simulacra (IceCv)
  5 great orbs of eyes
  5 rakshasas
  12 hydras
  24 salamander tyrants
  A hell beast (Pan)
  7 catoblepae
  7 spriggan air magi
  5 peacekeepers
  A quicksilver dragon skeleton (Zig:15)
  4 ogre magi (Depths:2)
  7 ice dragons
  29 vault guards
  A jorogumo (Pan)
  14 anacondas
  A ghost crab (Zig:3)
  3 merfolk aquamancers (Shoals:4)
  14 death yaks
  8 centaur warriors
  4 death knights
  27 dancing weapons
  6 satyrs (Shoals:4)
  A radroach (shapeshifter) (Vaults:5)
  4 two-headed ogres
  9 deep troll shamans
  13 ironbound frosthearts
  11 boulder beetles
  25 naga warriors
  18 deep troll earth magi
  9 vampire magi
  7 demonic crawlers
  A shock serpent (shapeshifter) (Vaults:5)
  5 spriggan berserkers (Depths:4)
  2 hell hogs (Depths:4)
  18 naga sharpshooters
  8 orc high priests
  4 tengu warriors
  3 thrashing horrors
  7 hell knights
  An occultist (Depths:3)
  25 sun demons
  15 deep elf knights
  18 shock serpents
  8 soul eaters
  6 wretched stars
  A quicksilver ooze zombie (Crypt:2)
  A spatial maelstrom (Abyss:3)
  A golden dragon zombie (Zig:15)
  6 skysharks
  11 iron trolls
  24 skeletal warriors
  5 salamander mystics
  11 sixfirhies
  A goliath frog (Zig:7)
  19 mana vipers
  A deep troll (shapeshifter) (Zig:11)
  2 shadow wraiths
  A spriggan druid (Zig:7)
  4 glowing orange brains
  19 shadow demons
  10 flayed ghosts
  24 sea snakes
  4 obsidian statues (Zig:15)
  A spriggan simulacrum (Crypt:3)
  An anaconda skeleton (Crypt:1)
  8 arcanists
  70 deep trolls
  13 deep elf archers
  21 ironbound convokers
  15 phantasmal warriors
  2 orange crystal statues (IceCv)
  6 naga ritualists
  26 large abominations
  2 tengu zombies
  23 deep elf zephyrmancers
  14 orc knights
  An oklob plant (Lair:2)
  14 lindwurms
  8 harpies
  62 ugly things
  A wolf spider (D:15)
  7 orc sorcerers
  31 deep elf pyromancers
  6 shining eyes
  22 fauns
  9 necromancers
  2 eleionoma zombies
  18 manticores
  3 frost giant zombies
  4 worldbinders
  7 cyclopes
  19 elephants
  10 salamanders
  8 moths of wrath
  4 will-o-the-wisps
  3 rust devils (Pan)
  8 merfolk sirens
  5 meliai
  12 kobold blastminers
  A toenail golem (D:15)
  4 apocalypse crabs
  A black mamba (shapeshifter) (Abyss:3)
  53 black mambas
  15 guardian serpents
  5 eyes of devastation
  15 smoke demons
  A gargoyle (D:12)
  5 water nymphs
  12 cane toads
  31 naga magi
  Maggie (D:7)
  7 hellions
  20 vault sentinels
  An alligator snapping turtle zombie (Crypt:1)
  10 komodo dragons
  An unseen horror (D:12)
  12 orange demons
  An unseen horror (shapeshifter) (D:14)
  5 efreet
  3 rime drakes
  11 freezing wraiths
  6 tormentors (Pan)
  18 yaktaurs
  An ice devil (Pan)
  4 kobold demonologists
  5 golden dragon simulacra
  4 ancient zymes
  A harpy zombie (Crypt:1)
  21 merfolk
  10 trolls
  A spectral harpy (Crypt:3)
  A red devil (Pan)
  6 guardian mummies (Zig:15)
  A tengu simulacrum (Vaults:3)
  5 hellwings
  3 polar bears
  8 wind drakes
  A hornet (shapeshifter) (D:15)
  A queen bee (Lair:5)
  8 hornets
  An alligator simulacrum (IceCv)
  A tarantella (shapeshifter) (Zig:11)
  6 blink frogs
  2 raiju
  An ettin zombie (Depths:1)
  12 snapping turtles
  5 glass eyes
  2 stone giant simulacra (Vaults:3)
  2 deep troll zombies
  7 dream sheep (Lair:4)
  A merfolk zombie (Crypt:1)
  3 spriggan skeletons
  2 centaur simulacra
  124 slime creatures
  A culicivora (Vaults:1)
  4 spriggans
  4 shadows
  11 water elementals
  Sigmund (D:6)
  7 air elementals
  9 wraiths
  5 wyverns
  2 vampires
  3 dire elephant simulacra (IceCv)
  An ettin skeleton (Crypt:1)
  5 ushabtiu (Zig:15)
  12 ynoxinuls
  A basilisk (D:11)
  Eustachio (D:6)
  14 starcursed masses
  6 wargs
  69 yaks
  A hog (Snake:1)
  4 humans
  8 golden eyes
  30 neqoxecs
  6 fire elementals
  2 vampire mosquitoes
  34 chaos spawn
  An elf skeleton (Vaults:4)
  A warg (shapeshifter) (D:9)
  A redback (Vaults:1)
  4 spatial vortices (Abyss:3)
  3 harpy simulacra
  58 nagas
  Edmund (D:4)
  An acid dragon (D:12)
  A hydra simulacrum (IceCv)
  14 water moccasins
  A nameless horror (Depths:4)
  4 hell hounds (Snake:3)
  66 orc warriors
  An ice beast (D:7)
  10 black bears
  41 laughing skulls
  4 sky beasts
  6 small abominations
  2 ettin simulacra
  2 boggarts (Vaults:1)
  A human zombie (Vaults:4)
  19 ogres
  19 wolves
  A phantom (D:6)
  5 centaurs
  A human skeleton (Vaults:4)
  3 weeping skulls
  7 kobold brigands
  A brain worm (Abyss:3)
  A gnoll sergeant (D:8)
  13 bullfrogs
  6 scorpions
  A naga simulacrum (Crypt:1)
  4 necrophages (Crypt:3)
  A wyvern zombie (Crypt:1)
  A glowing shapeshifter simulacrum (Zig:15)
  An ogre simulacrum (Vaults:4)
  24 wights
  6 earth elementals
  4 burial acolytes (Crypt:3)
  2 human simulacra
  4 lindwurm simulacra (IceCv)
  A swamp dragon simulacrum (Crypt:1)
  12 killer bees
  10 howler monkeys
  A raiju skeleton (Crypt:1)
  4 electric eels
  A bombardier beetle (D:5)
  A centaur zombie (Crypt:2)
  5 jellies
  3 hounds
  35 orc priests
  2 sleepcaps
  A gnoll bouda (D:10)
  8 iguanas
  An iron imp (Abyss:3)
  Ijyb (D:4)
  A scorpion zombie (Crypt:1)
  21 orc wizards
  A crocodile zombie (Crypt:2)
  A crocodile skeleton (Crypt:2)
  19 mummies
  A hound zombie (Crypt:2)
  10 gnolls
  4 adders
  A shadow imp (Pan)
  2 white imps (D:7)
  4 ufetubi
  A lava snake zombie (Crypt:1)
  2 dart slugs
  A ribbon worm (D:3)
  135 orcs
  5 endoplasms
  3 giant cockroaches
  8 goblins
  14 hobgoblins
  37 kobolds
  3 quokkas
  3 ball pythons
  2 bats
  3 frilled lizards
  5 rats
  12 aspiring fleshes
  2 fulminant prisms
  3 starspawn tentacles (Abyss:3)
  8 tentacles
3199 creatures vanquished.

Vanquished Creatures (collateral kills)
  the Royal Jelly (Slime:5)
  An orb of fire (Zot:5)
  Bai Suzhen (Depths:2)
  A Killer Klown (Zot:5)
  A tentacled monstrosity (Zot:5)
  An Orb Guardian (Zot:1)
  3 storm dragons
  A cacodemon (Pan)
  A stone giant (Depths:2)
  A green draconian (Zot:5)
  2 purple draconians
  A deep elf annihilator (Pan)
  A yellow draconian (Zot:3)
  2 blizzard demons (Pan)
  A rakshasa (Zot:1)
  A satyr (Zig:11)
  A sixfirhy (Pan)
  3 moths of wrath
  4 smoke demons (Pan)
  An orange demon (Pan)
  5 hellwings (Pan)
  A red devil (D:15)
  A slime creature (Zig:11)
  2 ynoxinuls (Pan)
38 creatures vanquished.

Vanquished Creatures (others)
  Mara (Depths:1)
  A Killer Klown (Zig:21)
  An eldritch tentacle (D:8)
  2 protean progenitors (Zig:21)
  A fire giant (shapeshifter) (Zig:21)
  2 fire giants
  A balrug (Pan)
  2 demonspawn blood saints (Pan)
  An anaconda (shapeshifter) (Zig:21)
  A skyshark (shapeshifter) (Zig:21)
  A sun demon (Pan)
  A sun moth (Zig:21)
  An orb spider (shapeshifter) (Zig:21)
  An ironbound convoker (Vaults:3)
  An ugly thing (shapeshifter) (Zig:21)
  A shining eye (shapeshifter) (Zig:21)
  An elephant (shapeshifter) (Zig:21)
  An eye of devastation (shapeshifter) (Zig:21)
  A hellion (Zig:21)
  A dream sheep (Zig:21)
  2 chaos spawn (Pan)
  A kobold (D:7)
  A ball lightning (Zig:21)
  A fire vortex (D:13)
  225 fulminant prisms
  7 starspawn tentacles (Abyss:3)
  8 tentacles
268 creatures vanquished.

Grand Total: 3505 creatures vanquished

Notes
Turn   | Place    | Note
-------+----------+-------------------------------------------
     0 | D:1      | shadowrider38 the Draconian Conjurer began the quest for
                  | the Orb.
     0 | D:1      | Reached XP level 1. HP: 14/14 MP: 3/3
   597 | D:1      | Reached XP level 2. HP: 23/23 MP: 3/5
   622 | D:1      | Learned a level 2 spell: Searing Ray
  2564 | D:2      | Reached XP level 3. HP: 29/29 MP: 1/6
  4343 | D:3      | Found a bloodstained altar of Trog.
  5145 | D:4      | Found a broken altar of Ashenzari.
  5206 | D:4      | Became a worshipper of Ashenzari the Shackled
  5374 | D:4      | Reached XP level 4. HP: 36/36 MP: 4/7
  5438 | D:4      | Learned a level 4 spell: Fulminant Prism
  5595 | D:4      | Identified the +11 dagger of Majestic Courage {heavy, rF-
                  | rN++}
  5737 | D:4      | Noticed an ogre
  5800 | D:4      | Noticed Ijyb
  5810 | D:4      | Killed an ogre
  5811 | D:4      | Reached XP level 5. HP: 41/41 MP: 5/8
  5827 | D:4      | Killed Ijyb
  6230 | D:4      | Reached skill level 3 in Spellcasting
  6500 | D:4      | Reached skill level 3 in Fighting
  6500 | D:4      | Reached XP level 6. HP: 51/51 MP: 7/10
  6918 | D:4      | Found Imoerut's Weapon Boutique.
  7010 | D:4      | Noticed Edmund
  7098 | D:5      | Entered Level 5 of the Dungeon
  7217 | D:5      | Noticed a yak
  7651 | D:5      | Reached skill level 3 in Alchemy
  7923 | D:5      | Your scales start taking on a pale cyan-grey colour.
  7923 | D:5      | Reached XP level 7. HP: 45/57 MP: 3/11
  7923 | D:5      | Gained mutation: You are immune to the effects of steam.
                  | [Pale Draconian growth]
  8318 | D:5      | Identified the +11 quarterstaff "Soehonase" {freeze, rF+
                  | rN+ rCorr Stlth-}
  8337 | D:5      | Reached * piety under Ashenzari
  8579 | D:5      | Noticed a yak
  8579 | D:5      | Noticed a yak
  8580 | D:5      | Noticed a yak
  8605 | D:5      | Killed a yak
  9067 | D:5      | Killed a yak
  9417 | D:5      | Noticed a yak
  9438 | D:5      | Killed a yak
  9439 | D:5      | Reached XP level 8. HP: 63/63 MP: 4/13
 10868 | D:5      | Learned a level 4 spell: Iskenderun's Mystic Blast
 11123 | D:3      | Found a faded altar of an unknown god.
 11540 | D:3      | Found a faded altar of an unknown god.
 12094 | D:3      | Found a bloodstained altar of Trog.
 12327 | D:4      | Killed Edmund
 12530 | D:6      | Noticed Sigmund
 12659 | D:6      | Reached XP level 9. HP: 37/69 MP: 3/15
 12825 | D:6      | Identified a scroll of acquirement
 12837 | D:6      | Acquired the ring of Uxzupluy {Wiz rC+ rN+ Dex+3 Stlth+}
 12887 | D:6      | Killed Sigmund
 12972 | D:6      | Noticed Eustachio
 13194 | D:6      | Killed Eustachio
 13401 | D:6      | Reached skill level 3 in Translocations
 13655 | D:6      | Found a staircase to the Ecumenical Temple.
 13681 | D:6      | You fall into a shaft and drop 3 floors!
 13690 | D:9      | Reached skill level 3 in Staves
 14293 | D:9      | Learned a level 4 spell: Olgreb's Toxic Radiance
 14841 | D:8      | Reached XP level 10. HP: 56/77 MP: 4/16
 15877 | D:7      | Reached ** piety under Ashenzari
 15892 | D:7      | Identified the +1 great sword "Reopt" {elec, rF- Dex+3
                  | SInv}
 15942 | D:7      | Noticed Maggie
 15954 | D:7      | Killed Maggie
 16325 | D:7      | Found a glowing silver altar of Zin.
 16832 | D:8      | Identified the +2 ring mail of Demons {Harm rN++}
 17356 | D:8      | Found a blossoming altar of Fedhas.
 17460 | D:9      | Found Furehish's Book Boutique.
 17927 | D:9      | Found a shadowy altar of Dithmenos.
 17938 | D:9      | Noticed a cyclops
 18021 | D:9      | Reached *** piety under Ashenzari
 18146 | D:9      | Found a sparkling altar of Nemelex Xobeh.
 18146 | D:9      | Found an ancient bone altar of Kikubaaqudgha.
 18146 | D:9      | Found an iron altar of Okawaru.
 18255 | D:9      | Noticed a death knight
 18532 | D:9      | Identified the staff "Ylliuch" {rElec rN+ rCorr Air}
 18585 | D:9      | Killed a death knight
 18595 | D:9      | Reached skill level 3 in Dodging
 19348 | D:8      | Identified the +2 ring mail of Demons {Harm rN++}
 19542 | D:8      | Upgraded the game from 0.31.0-10-gcf4a605ca0 to
                  | 0.31.0-11-ge490571c62
 19607 | D:10     | Entered Level 10 of the Dungeon
 19627 | D:10     | Found a glowing golden altar of the Shining One.
 19738 | D:10     | Noticed an elephant
 19748 | D:10     | Killed an elephant
 19749 | D:10     | Reached XP level 11. HP: 94/94 MP: 5/21
 21055 | D:10     | Found a staircase to the Lair.
 21684 | Lair:1   | Entered Level 1 of the Lair of Beasts
 21697 | Lair:1   | Reached skill level 3 in Fire Magic
 22047 | Lair:1   | Noticed a lindwurm
 22059 | Lair:1   | Killed a lindwurm
 22354 | Lair:1   | Reached skill level 3 in Evocations
 22967 | Lair:1   | Found a glowing silver altar of Zin.
 23001 | Lair:1   | Reached skill level 9 in Staves
 23201 | D:9      | Bought an Everburning Encyclopedia for 532 gold pieces
 23206 | D:9      | Learned a level 4 spell: Ignite Poison
 23630 | D:9      | Found a shadowy altar of Dithmenos.
 23805 | D:9      | Found Furehish's Book Boutique.
 24056 | D:9      | Found a sparkling altar of Nemelex Xobeh.
 24056 | D:9      | Found an ancient bone altar of Kikubaaqudgha.
 24056 | D:9      | Found an iron altar of Okawaru.
 24252 | Lair:2   | Noticed a catoblepas
 24263 | Lair:2   | Killed a catoblepas
 24304 | Lair:1   | Reached XP level 12. HP: 97/103 MP: 8/24
 24559 | Lair:2   | Found a staircase to the Shoals.
 26762 | Lair:3   | Reached skill level 9 in Fighting
 26846 | Lair:3   | Reached skill level 9 in Spellcasting
 27209 | Lair:3   | Noticed a six-headed hydra
 27245 | Lair:3   | Killed a six-headed hydra
 27404 | Lair:3   | Reached **** piety under Ashenzari
 27742 | Lair:3   | Found a staircase to the Snake Pit.
 27905 | Lair:3   | Noticed a death yak
 27905 | Lair:3   | Noticed a death yak
 27915 | Lair:3   | Killed a death yak
 27916 | Lair:3   | Killed a death yak
 27918 | Lair:3   | Noticed a death yak
 27929 | Lair:3   | Killed a death yak
 27930 | Lair:3   | Reached skill level 3 in Air Magic
 27930 | Lair:3   | Reached XP level 13. HP: 119/119 MP: 2/29
 28190 | Lair:3   | Reached skill level 3 in Ice Magic
 29098 | Lair:4   | Identified the ring "Wew Paso" {rF+ SInv}
 29796 | Lair:4   | Found a staircase to the Slime Pits.
 30269 | Lair:4   | Identified the +0 ring mail of Oniyj {Regen+}
 30455 | Lair:5   | Entered Level 5 of the Lair of Beasts
 30837 | Lair:5   | Found a transporter.
 31170 | Lair:5   | Found a transporter.
 31183 | Lair:5   | Noticed peterlawrence's ghost (journeyman MiFi)
 31194 | Lair:5   | Reached ***** piety under Ashenzari
 31730 | Lair:5   | Reached XP level 14. HP: 115/130 MP: 14/31
 32049 | Lair:4   | Acquired a +2 pair of gloves of stealth
 32490 | Lair:5   | Learned a level 6 spell: Eringya's Noxious Bog
 32699 | D:11     | Found Zin's Purification Station.
 32702 | D:11     | Found a glowing silver altar of Zin.
 34098 | D:12     | Identified the maw talisman of Aschynati {Will+}
 34102 | D:12     | Found a staircase to the Orcish Mines.
 34601 | Orc:1    | Entered Level 1 of the Orcish Mines
 35285 | Orc:1    | Found Wuliwas's Magic Scroll Boutique.
 35368 | Orc:2    | Entered Level 2 of the Orcish Mines
 37502 | Orc:2    | Found Lunleil's General Store.
 37506 | Orc:2    | Reached XP level 15. HP: 105/139 MP: 22/33
 37627 | Orc:2    | Found Lyllep's Book Shoppe.
 38136 | Orc:2    | Found Vorani Osoe's Jewellery Boutique.
 38577 | Orc:2    | Found Coeddoaf's Antique Armour Emporium.
 38735 | Orc:2    | Found a staircase to the Elven Halls.
 38999 | D:9      | Bought a book of Vapours for 364 gold pieces
 39005 | D:9      | Learned a level 5 spell: Freezing Cloud
 39012 | D:9      | Learned a level 6 spell: Dispersal
 39255 | Orc:2    | Bought the ring "Hifour" {rF+ MP+9 Dex+2 Stlth-} for 552
                  | gold pieces
 39587 | D:13     | Identified the blade talisman of the Other World {rF+ Will+
                  | Str+2 Dex+3}
 39762 | D:13     | Noticed Rupert
 40555 | D:14     | Found a gate to the Vaults.
 40607 | D:14     | Identified the +2 robe of Qidi {rPois rF+}
 40809 | D:14     | Acquired a +1 buckler of poison resistance
 41142 | D:14     | Reached skill level 9 in Conjurations
 41142 | D:14     | Reached skill level 9 in Alchemy
 41676 | D:14     | Identified the +2 pair of gloves of Rowol {rCorr Str+3}
 41716 | D:14     | Found a runed translucent door.
 41735 | D:14     | Noticed Opnastoc's ghost (journeyman MiBe)
 41956 | D:15     | Entered Level 15 of the Dungeon
 42153 | D:15     | Noticed Jorgrun
 42158 | D:15     | Killed Jorgrun
 42331 | D:15     | Reached XP level 16. HP: 83/145 MP: 27/33
 42519 | D:15     | Found a shimmering blue altar of Sif Muna.
 42585 | D:15     | Found a staircase to the Depths.
 42941 | D:15     | Noticed Roxanne
 43098 | D:15     | Killed Roxanne
 43099 | D:15     | Reached skill level 3 in Shields
 44426 | Shoals:1 | Entered Level 1 of the Shoals
 44426 | Shoals:1 | Noticed Louise
 44559 | Lair:2   | Reached XP level 17. HP: 152/152 MP: 34/34
 44560 | Lair:2   | Reached XP level 18. HP: 160/160 MP: 35/35
 44607 | Snake:1  | Entered Level 1 of the Snake Pit
 44657 | Snake:1  | Identified the +0 scale mail "Nabuvet" {rC- Regen+ Str+4}
 44748 | Snake:1  | Noticed Kirke
 44758 | Snake:1  | Killed Kirke
 45411 | Snake:1  | Reached skill level 9 in Shapeshifting
 45553 | Snake:1  | Found Hudif's Jewellery Boutique.
 45553 | Snake:1  | Found Soarphesch's Book Shoppe.
 45554 | Snake:1  | Found Ituyba's Jewellery Boutique.
 46207 | Snake:1  | Found a white marble altar of Elyvilon.
 46404 | Snake:2  | Found a runed translucent door.
 46496 | Snake:2  | Found a shimmering altar of Xom.
 46496 | Snake:2  | Noticed Ovesh's ghost (journeyman OpSh)
 46510 | Snake:2  | Identified the +8 mace of Embarrassment {speed, rN+ Str+7}
 46534 | Snake:2  | Identified the serpent talisman of Levity {rF- rN++ Str+2
                  | Dex-3}
 46534 | Snake:2  | Noticed Aizul
 46546 | Snake:2  | Killed Aizul
 47525 | Snake:2  | aesen: cast fireball
 49853 | Snake:3  | Noticed Azrael
 49859 | Snake:3  | Killed Azrael
 50236 | Snake:3  | shadowrider38: hihi
 50361 | Snake:3  | shadowrider38: lol sorry i missed all your messages last
                  | time
 50523 | Lair:2   | Identified the cursed +1 pair of boots of Ashenzari's Yoke
                  | {Elem, Self} (You found it on level 1 of the Lair of
                  | Beasts)
 50533 | Shoals:1 | Killed Louise
 50576 | Lair:2   | aesen: lol
 50580 | Lair:2   | Identified the cursed staff "Shackled With Me" {Conj, Self,
                  | Dev} (You found it on level 1 of the Lair of Beasts)
 50630 | Shoals:1 | aesen: you were speed mode
 50635 | Shoals:1 | Reached XP level 19. HP: 169/169 MP: 36/37
 50635 | Shoals:1 | shadowrider38: there was a lil friendly competition for
                  | first win of t
 50635 | Shoals:1 | shadowrider38: even tho it doesnt count for anything
 50635 | Shoals:1 | aesen: understandable
 50756 | Shoals:1 | aesen: did you see new hs
 50768 | Shoals:1 | shadowrider38: i did
 50768 | Shoals:1 | shadowrider38: hah
 50768 | Shoals:1 | shadowrider38: guys insane
 50791 | Shoals:1 | shadowrider38: using cheato species meteroan tho
 50791 | Shoals:1 | shadowrider38: doesnt count
 50842 | Shoals:1 | aesen: right
 50846 | Shoals:1 | aesen: implojin says scoring will change a bunch anyway
 50848 | Shoals:1 | shadowrider38: oh thats cool
 50848 | Shoals:1 | shadowrider38: gems actually useful maybe?
 50848 | Shoals:1 | shadowrider38: heh
 50848 | Shoals:1 | aesen: maybe
 50861 | Shoals:1 | aesen: also time spent instead of turns
 50882 | Shoals:1 | shadowrider38: oh
 50882 | Shoals:1 | shadowrider38: that has some interesting implications
 50882 | Shoals:1 | aesen: chei will still be good but probably less
 50882 | Shoals:1 | aesen: and fast weapons will finally be viable
 50882 | Shoals:1 | shadowrider38: i still to this day dont fully understand
                  | turns vs time so
 51018 | Shoals:1 | aesen: do you know what a slow weapon is
 51018 | Shoals:1 | shadowrider38: yeah im using one
 51129 | Shoals:1 | aesen: e.g. regen is per time, so if you have 2 regen and
                  | swing a weapon that takes 2 time per attack (read: per
                  | turn), in that single attack you regen 4 hp
 51345 | Orc:2    | Bought a +2 hat for 208 gold pieces
 51359 | Orc:2    | shadowrider38: ah
 51425 | Orc:1    | Bought a scroll of fear for 68 gold pieces
 51428 | Orc:1    | aesen: but if you have a fast weapon like qb at 0.5 time
                  | per attack, you only regen 1 hp in a single attack
 51434 | Orc:1    | shadowrider38: cool
 51434 | Orc:1    | shadowrider38: so what ur saying is
 51434 | Orc:1    | shadowrider38: i soon will be able to tc with ezmode vs
 51434 | Orc:1    | aesen: yep
 51434 | Orc:1    | aesen: vs of wjc or something
 51434 | Orc:1    | shadowrider38: ew wjc
 51434 | Orc:1    | shadowrider38: i tried your recommendation
 51434 | Orc:1    | shadowrider38: of dr or wu with short blades
 51434 | Orc:1    | aesen: yes
 51434 | Orc:1    | aesen: and maw.
 51434 | Orc:1    | shadowrider38: yes
 51434 | Orc:1    | shadowrider38: ngl it sucked balls until i got a qblade
 51434 | Orc:1    | shadowrider38: which was like
 51434 | Orc:1    | shadowrider38: at depths
 51434 | Orc:1    | aesen: understandable
 51434 | Orc:1    | aesen: new qb is just too good
 51434 | Orc:1    | shadowrider38: i think its a lil too strong compared to
                  | rapier
 51434 | Orc:1    | shadowrider38: but meh
 51434 | Orc:1    | aesen: agreed
 51434 | Orc:1    | aesen: but i dont even play
 51434 | Orc:1    | aesen: so what do i know
 51581 | Shoals:2 | shadowrider38: have you retired
 51821 | Shoals:2 | Noticed Donald
 51825 | Shoals:2 | aesen: yes, and once i come back ill be washed up
 51826 | Shoals:2 | aesen: thats the goal
 51828 | Shoals:2 | Killed Donald
 51829 | Shoals:2 | aesen: theres even a bunch of spells i dont even know now
 51829 | Shoals:2 | shadowrider38: awesome
 51829 | Shoals:2 | aesen: which is great
 51829 | Shoals:2 | shadowrider38: they arent all that great tho
 51829 | Shoals:2 | shadowrider38: or im just bad
 51829 | Shoals:2 | aesen: alchemy? nonsense, thats not a thing
 51829 | Shoals:2 | shadowrider38: alchemy is aweoms tho
 51829 | Shoals:2 | shadowrider38: fantastic change
 51829 | Shoals:2 | aesen: i have 0 clue what it does, and thats great
 51829 | Shoals:2 | aesen: nice maw talisman
 51829 | Shoals:2 | shadowrider38: it got use
 51829 | Shoals:2 | shadowrider38: used it for will against louise
 51829 | Shoals:2 | shadowrider38: for like 5 turns
 52043 | Shoals:2 | Found Puneaj's Antique Weapon Shoppe.
 52045 | Shoals:2 | Reached ****** piety under Ashenzari
 52049 | Shoals:2 | Identified the +1 orcbow "Reumn" {flame, rF++ Will+ Dex-2}
 52064 | Shoals:2 | Found Xuvoggin's Book Emporium.
 52341 | Shoals:2 | Found Kohang's Armour Emporium.
 52343 | Shoals:2 | Found Voiwk's Armour Shop.
 52433 | Shoals:3 | Noticed Polyphemus
 52441 | Shoals:3 | Killed Polyphemus
 52672 | Shoals:3 | Found Asyafog's Island Escapes.
 52999 | Shoals:4 | Entered Level 4 of the Shoals
 53021 | Shoals:4 | Noticed Ilsuiw
 53026 | Shoals:4 | Killed Ilsuiw
 53027 | Shoals:4 | aesen: cast shatter
 53038 | Shoals:4 | Found a glacial archway.
 53046 | Shoals:4 | shadowrider38: soon
 53047 | IceCv    | Entered an ice cave
 53153 | IceCv    | aesen: did you try AtCj
 53248 | IceCv    | shadowrider38: i did yeah
 53248 | IceCv    | aesen: how was it
 53248 | IceCv    | aesen: did you pivot more spells or just mystic blast into
                  | melee
 53248 | IceCv    | shadowrider38: i was using imb in depths and zot
 53248 | IceCv    | shadowrider38: no there was no pivot
 53248 | IceCv    | shadowrider38: it was just blast blast blast
 53248 | IceCv    | aesen: lol no way
 53248 | IceCv    | shadowrider38: !log . won atcj
 53248 | IceCv    | beem: 1. ShadowRider38, XL25 AtCj, T:79532:
                  | https://crawl.kelbi.org/crawl/morgue/ShadowRider38/morgue-S
                  | hadowRider38-20240116-123454.txt
 53248 | IceCv    | shadowrider38: spells ig
 53248 | IceCv    | shadowrider38: but i wasnt using thenm
 53248 | IceCv    | shadowrider38: its actually bad tbh
 53248 | IceCv    | shadowrider38: because it works the whole game until the
                  | end
 53248 | IceCv    | aesen: lol
 53248 | IceCv    | shadowrider38: so i continue using it even tho its not good
                  | anymore
 53252 | IceCv    | aesen: kiku tho
 53264 | IceCv    | aesen: doesnt mb screw with necros
 53333 | IceCv    | shadowrider38: well wow look at all those times i cast
                  | necro
 53333 | IceCv    | shadowrider38: atheist run more like
 53333 | IceCv    | shadowrider38: i just wanted polytheist
 53333 | IceCv    | shadowrider38: thanks for bvc i guess
 53456 | IceCv    | Reached skill level 9 in Shields
 53516 | IceCv    | Identified the Quarto of the Serac
 53660 | Shoals:4 | aesen: classic
 54089 | Shoals:4 | Identified the +9 arbalest "Feihulo" {heavy, Will++ Int+2
                  | Dex-3}
 54089 | Shoals:4 | Identified the amulet "Gapn" {Faith rC+}
 54157 | Shoals:4 | shadowrider38: i used torment once just to try
 54157 | Shoals:4 | shadowrider38: why does kiku not protect you fully
 54157 | Shoals:4 | shadowrider38: stupid
 54157 | Shoals:4 | shadowrider38: pointless ability
 54337 | Shoals:4 | Found Hunlealo's Antique Weapon Shop.
 54610 | Shoals:4 | Got a barnacled rune of Zot
 54816 | Shoals:4 | Identified the staff of the Shining Light {^Drain rF+ Dex+5
                  | Fire Air Earth}
 55200 | Snake:4  | Entered Level 4 of the Snake Pit
 55380 | Snake:4  | Reached XP level 20. HP: 178/178 MP: 33/39
 55779 | Snake:4  | Noticed Vashnia
 55793 | Snake:4  | Killed Vashnia
 56191 | Snake:4  | Got a serpentine rune of Zot
 57058 | Elf:1    | Entered Level 1 of the Elven Halls
 57224 | Elf:1    | Found Imiena's Armour Shoppe.
 57270 | Elf:1    | Found Maschant's Antique Weapon Shop.
 57386 | Elf:1    | Paralysed by an air elemental for 1 turns
 58394 | D:13     | Paralysed by Rupert for 4 turns
 58405 | D:13     | Killed Rupert
 59380 | Lair:5   | Killed peterlawrence's ghost
 59454 | Lair:5   | aesen: death form siphon is even worse
 59477 | Lair:5   | aesen: what is Sorc, Dev
 59477 | Lair:5   | shadowrider38: conj + alch, evo + sh
 59482 | Lair:5   | aesen: evo + sh???
 59482 | Lair:5   | shadowrider38: heh
 59482 | Lair:5   | shadowrider38: devices
 59482 | Lair:5   | shadowrider38: shapeshifting sorry
 59681 | Vaults:1 | Entered Level 1 of the Vaults
 59682 | Vaults:1 | aesen: o
 59693 | Vaults:1 | Reached skill level 9 in Fire Magic
 59716 | Vaults:1 | aesen: ok that makes sense
 59784 | Vaults:1 | aesen: somewhat
 59844 | Vaults:1 | aesen: have you ever played super metroid
 59850 | Vaults:1 | shadowrider38: nope!
 59886 | Vaults:1 | aesen: damn
 59920 | Vaults:1 | aesen: theres this amazing roguelike thats pretty much just
                  | super metroid but hard as balls
 59920 | Vaults:1 | shadowrider38: oh?
 59920 | Vaults:1 | shadowrider38: spill
 59968 | Vaults:1 | aesen: its called "A Robot Named Fight"
 59968 | Vaults:1 | aesen: gets harder each time you beat it, up to like 3
                  | times
 59968 | Vaults:1 | shadowrider38: looks cool
 59968 | Vaults:1 | shadowrider38: i will add it to the queue
 59970 | Vaults:1 | shadowrider38: why are there so many things that hard
                  | counter all my spells
 59974 | Vaults:1 | aesen: mystic blast them into the wall
 60127 | Vaults:1 | aesen: mcc 98%
 60127 | Vaults:1 | aesen: castable
 60127 | Vaults:1 | shadowrider38: this aint gon cut it
 60127 | Vaults:1 | shadowrider38: lol
 60127 | Vaults:1 | shadowrider38: the best solutions
 60127 | Vaults:1 | aesen: i added noita to my list but havent gotten to it yet
 60127 | Vaults:1 | shadowrider38: oh ive watched ppl play a few times
 60127 | Vaults:1 | shadowrider38: i have that also
 60442 | Snake:1  | Bought a book of the Earth for 684 gold pieces
 60448 | Snake:1  | Learned a level 5 spell: Lee's Rapid Deconstruction
 60448 | Snake:1  | aesen: currently playing dragons dogma
 60887 | Elf:2    | Reached skill level 3 in Earth Magic
 60907 | Elf:1    | Found a shimmering blue altar of Sif Muna.
 61466 | Elf:2    | Found a runed translucent gate.
 61467 | Elf:2    | Found a runed translucent gate.
 61467 | Elf:2    | Found a runed translucent gate.
 61678 | Elf:2    | shadowrider38: whoa cheap
 61678 | Elf:2    | shadowrider38: i finally tried slay the spire
 61678 | Elf:2    | aesen: lol i tried that too
 61678 | Elf:2    | shadowrider38: i like
 61678 | Elf:2    | aesen: couldnt get into it tho
 61678 | Elf:2    | shadowrider38: its a little repetitive
 61678 | Elf:2    | shadowrider38: and the meta progression kinda stinks imo
 62118 | Vaults:1 | Reached XP level 21. HP: 184/184 MP: 27/40
 62281 | Vaults:1 | Found a runed translucent gate.
 62281 | Vaults:1 | Found a runed translucent gate.
 62281 | Vaults:1 | Found a runed translucent gate.
 62283 | Vaults:1 | Noticed Zotwa's ghost (adept GnSk)
 62285 | Vaults:1 | Identified the +0 cloak of Creativity {Dex+7}
 62623 | Vaults:1 | Reached skill level 9 in Earth Magic
 63375 | Vaults:1 | Gained mutation: You are vulnerable to cold. (rC-)
                  | [mutagenic glow]
 63383 | Vaults:1 | Gained mutation: Your body sometimes deteriorates upon
                  | taking damage. [mutagenic glow]
 63395 | Vaults:1 | Gained mutation: You have hidden genetic defects.
                  | [mutagenic glow]
 63396 | Vaults:1 | shadowrider38: oops
 63396 | Vaults:1 | shadowrider38: that wasnt supposed to happen
 63396 | Vaults:1 | aesen: lol
 63398 | Vaults:1 | Lost mutation: Your body sometimes deteriorates upon taking
                  | damage. [potion of mutation]
 63398 | Vaults:1 | Lost mutation: You are vulnerable to cold. (rC-) [potion of
                  | mutation]
 63398 | Vaults:1 | Lost mutation: You have hidden genetic defects. [potion of
                  | mutation]
 63398 | Vaults:1 | Gained mutation: You occasionally shout uncontrollably at
                  | your foes. [potion of mutation]
 63562 | Vaults:1 | shadowrider38: skald
 63566 | Vaults:1 | aesen: Zot
 63577 | Vaults:1 | Killed Zotwa's ghost
 64094 | Vaults:2 | aesen: death 'man
 64291 | Vaults:2 | Found a staircase to the Crypt.
 64291 | Vaults:2 | Found an ancient bone altar of Kikubaaqudgha.
 64291 | Vaults:2 | Found a basalt altar of Yredelemnul.
 64702 | Vaults:1 | shadowrider38: wait
 64702 | Vaults:1 | shadowrider38: those things can be lrded
 64702 | Vaults:1 | aesen: yeah
 64793 | Vaults:1 | shadowrider38: why didnt you say anything you silly
 65077 | Vaults:2 | aesen: you can lrd those
 65089 | Vaults:2 | shadowrider38: oh thank
 65251 | Vaults:2 | aesen: obtain gem
 65566 | Vaults:2 | Noticed a dread lich
 65566 | Vaults:2 | Identified the amulet of Gisumesi {RegenMP rElec rN+ Str+4}
 65566 | Vaults:2 | Identified the staff "Ogreslayer" {rN+ MP+9 Earth}
 65567 | Vaults:2 | Found a runed translucent gate.
 65567 | Vaults:2 | Found a runed translucent gate.
 65567 | Vaults:2 | Found an ancient bone altar of Kikubaaqudgha.
 65567 | Vaults:2 | Found a runed translucent gate.
 65568 | Vaults:2 | Noticed Implojin's ghost (adept DEGl)
 65569 | Vaults:2 | Identified the +1 helmet "Heddegast" {Dex+3 Slay+3}
 65573 | Vaults:2 | shadowrider38: too late
 65573 | Vaults:2 | shadowrider38: theyre all dead
 65573 | Vaults:2 | aesen: someone cast shatter on it...
 65573 | Vaults:2 | shadowrider38: lol
 65573 | Vaults:2 | shadowrider38: i can go for ivory and midnight
 65573 | Vaults:2 | aesen: golden
 65573 | Vaults:2 | shadowrider38: i did that one alr
 65573 | Vaults:2 | aesen: sanguine
 65620 | Vaults:3 | Noticed Asterion
 65626 | Vaults:3 | aesen: also i didnt check tourney page yet, are there any
                  | gem goals
 65751 | Vaults:3 | shadowrider38: yeah its kinda lame tho
 65751 | Vaults:3 | shadowrider38: its gem collection
 65751 | Vaults:3 | shadowrider38: so you can literally do 1 gem per gae
 65751 | Vaults:3 | shadowrider38: game
 65751 | Vaults:3 | shadowrider38: and it counts
 65762 | Vaults:3 | Killed Asterion
 65829 | Vaults:3 | aesen: lol
 66156 | Vaults:3 | shadowrider38: meanwhile
 66156 | Vaults:3 | shadowrider38: the banner for it
 66156 | Vaults:3 | shadowrider38: is get 11 in one game
 66156 | Vaults:3 | shadowrider38: shouldve flipped those
 66156 | Vaults:3 | shadowrider38: they got a little confused
 66329 | Vaults:3 | Identified the +16 plate armour of Prudence {Int+4}
 66760 | Vaults:3 | Reached skill level 9 in Evocations
 66968 | Vaults:3 | Reached XP level 22. HP: 190/190 MP: 37/41
 67055 | Vaults:3 | Noticed Nikola
 67062 | Vaults:3 | Killed Nikola
 67804 | Vaults:4 | Reached skill level 9 in Dodging
 69079 | Vaults:4 | aesen: cast spell
 69369 | Elf:2    | shadowrider38: maw
 69369 | Elf:2    | shadowrider38: nomnom
 69434 | Elf:3    | Entered Level 3 of the Elven Halls
 69773 | Elf:3    | aesen: the animation is so good
 69775 | Elf:3    | Paralysed by an air elemental for 1 turns
 69963 | Elf:3    | Found Kianlosy's General Store.
 69980 | Elf:3    | Bought a scroll of teleportation for 42 gold pieces
 69982 | Elf:3    | Bought the ring of Heasuj {rPois rC+ Will+ Int+7} for 791
                  | gold pieces
 69985 | Elf:3    | aesen: rip wiz
 69990 | Elf:3    | aesen: rip spells
 69990 | Elf:3    | aesen: 1%
 69990 | Elf:3    | aesen: uncastable
 69990 | Elf:3    | shadowrider38: in shambles
 69990 | Elf:3    | shadowrider38: 2% dispersal
 69990 | Elf:3    | shadowrider38: its so over
 69990 | Elf:3    | aesen: ignition 11%
 69990 | Elf:3    | aesen: pls cast
 70000 | Elf:3    | Learned a level 8 spell: Ignition
 70318 | Elf:3    | Reached skill level 9 in Translocations
 70666 | Elf:3    | shadowrider38: ghostly?
 70667 | Elf:3    | aesen: ghostly
 70723 | Elf:3    | Identified the +5 halberd "Killer Klown's Death" {heavy,
                  | rN+ Str+3}
 70723 | Elf:3    | Identified the amulet "Pourch" {Reflect Rampage +Inv Regen+
                  | Str-2 SH+5}
 70896 | Elf:3    | shadowrider38: this is stupid
 70902 | Elf:3    | Identified the +0 robe of the Merchant {Harm ^Drain Dex+2}
 70913 | Elf:3    | Identified the +3 flail "Geqinad" {flame, *Slow Str+5 Int+2
                  | Dex+4}
 71017 | Elf:3    | Identified the +7 ring mail "Qinoekli" {rPois}
 71021 | Elf:3    | shadowrider38: RASRAERR
 71081 | Elf:3    | Reached skill level 15 in Fire Magic
 71081 | Elf:3    | Reached XP level 23. HP: 202/202 MP: 43/43
 71082 | Elf:3    | aesen: RASRAERR
 71188 | Elf:3    | Paralysed by an air elemental for 1 turns
 71226 | Elf:3    | Identified Mnoleg's Papyrus of Allies
 71228 | Elf:3    | Identified the +6 arbalest of Distant Shores {heavy, rPois
                  | rF+}
 71228 | Elf:3    | Identified the +2 leather armour "Vuqeyv" {Stlth+}
 71271 | Elf:3    | Identified Sif Muna's Compendium of the Boggart
 71334 | Elf:3    | Paralysed by an air elemental for 1 turns
 71337 | Elf:3    | Paralysed by an air elemental for 1 turns
 71427 | Elf:3    | aesen: heavy arb, gg
 72040 | Slime:1  | Entered Level 1 of the Pits of Slime
 72046 | Slime:1  | aesen: rip
 72453 | Slime:2  | shadowrider38: lovely
 72453 | Slime:2  | shadowrider38: 0 amnesia the whole game
 72827 | Slime:3  | Reached skill level 15 in Shapeshifting
 73215 | Slime:4  | Reached XP level 24. HP: 206/206 MP: 42/42
 73266 | Slime:5  | Entered Level 5 of the Pits of Slime
 73593 | Slime:5  | Gained mutation: You are frail. (-10% HP) [a shining eye]
 73594 | Slime:5  | Gained mutation: You are clumsy. (Dex -2) [a shining eye]
 73798 | Slime:5  | shadowrider38: i think dispersal is too strong also
 73978 | Slime:5  | aesen: give me undispersal
 73983 | Slime:5  | shadowrider38: summon enemies encircling
 74024 | Slime:5  | aesen: YES
 74040 | Slime:5  | shadowrider38: lol
 74042 | Slime:5  | aesen: + irrad
 74051 | Slime:5  | aesen: i cri
 74051 | Slime:5  | shadowrider38: every game no irradiate = me sad
 74132 | Slime:5  | Noticed the Royal Jelly
 74133 | Slime:5  | shadowrider38: whoa there i didnt say you could do that
 74133 | Slime:5  | aesen: i will never forgive them what they did to trj
 74133 | Slime:5  | shadowrider38: lol what did they do
 74133 | Slime:5  | aesen: you cant net trj anymore
 74133 | Slime:5  | shadowrider38: oh
 74133 | Slime:5  | shadowrider38: eh its fine
 74133 | Slime:5  | aesen: NO ITS NOT
 74133 | Slime:5  | shadowrider38: lol
 74133 | Slime:5  | shadowrider38: so you cant yolo ez anymore
 74134 | Slime:5  | shadowrider38: why do i have so few of the good resources
 74137 | Slime:5  | aesen: ok
 74137 | Slime:5  | aesen: protip
 74137 | Slime:5  | aesen: read torment
 74137 | Slime:5  | shadowrider38: i was going to
 74137 | Slime:5  | shadowrider38: i was hoping that
 74137 | Slime:5  | shadowrider38: this man would have had
 74137 | Slime:5  | shadowrider38: a little fellas
 74139 | Slime:5  | Killed the Royal Jelly
 74140 | Slime:5  | shadowrider38: hm
 74140 | Slime:5  | aesen: MORE FIRE
 74140 | Slime:5  | shadowrider38: yeah i always do this fight wrong dont it
 75002 | Slime:5  | shadowrider38: wait i killed him?
 75002 | Slime:5  | shadowrider38: lol
 75011 | Slime:5  | Identified the +3 mace of Deformation {antimagic, Dex+6}
 75011 | Slime:5  | Identified the +5 battleaxe of Contradiction {speed, rElec}
 75011 | Slime:5  | Identified the +0 quarterstaff of Grandeur {drain, *Rage
                  | Str+3 Stlth+}
 75012 | Slime:5  | Identified the +2 longbow "Luolatry" {drain, rElec rN++
                  | Dex-3 SInv}
 75012 | Slime:5  | Found the +27 heavy crossbow "Sniper" {heavy, Acc+∞ SInv}
 75040 | Slime:5  | aesen: ye
 75059 | Slime:5  | Identified the Spellbook of the Excruciating Swarm
 75061 | Slime:5  | Identified the +4 trident of Xatuj {venom, Int+3}
 75062 | Slime:5  | Got a slimy rune of Zot
 75104 | Slime:5  | aesen: more heavy crossbow
 75113 | Slime:5  | aesen: god i hate draconian
 75125 | Slime:5  | aesen: worst species in the game
 75125 | Slime:5  | shadowrider38: maybe its because you played like
 75125 | Slime:5  | shadowrider38: 50 in a r wo
 75125 | Slime:5  | shadowrider38: row
 75125 | Slime:5  | shadowrider38: quitting in zot is funny
 75127 | Slime:5  | aesen: i was desperate and bored ok
 75241 | Slime:5  | aesen: i already abandoned and joined 3 different gods too
 75266 | Slime:2  | shadowrider38: lmao
 75296 | Lair:4   | aesen: brb
 75654 | Vaults:5 | Entered Level 5 of the Vaults
 75657 | Vaults:5 | Paralysed by a sphinx for 2 turns
 75716 | Vaults:5 | Identified the +5 quarterstaff "Rablaguar" {flame, ^Fragile
                  | rElec Int-4 SInv}
 75716 | Vaults:5 | Identified the +10 dagger "Faeduwk" {flame, rElec rN+
                  | Dex-3}
 76222 | Vaults:5 | Identified the staff "Gior" {Stlth+ Conj}
 76222 | Vaults:5 | Identified Suadedo's Atlas of the Excursion
 76712 | Vaults:5 | Got a silver rune of Zot
 77323 | Vaults:5 | Noticed an ancient lich
 77545 | Vaults:4 | Killed an ancient lich
 77546 | Vaults:4 | Reached XP level 25. HP: 122/191 MP: 7/42
 77968 | Vaults:5 | Identified the +4 long sword of Wiodoh {flame, Int+3}
 78501 | Vaults:5 | Identified the +3 hand axe of the Forging Ancients {elec,
                  | *Corrode rN+++ Int+3}
 78631 | Vaults:5 | Reached skill level 3 in Stealth
 78918 | Depths:1 | Entered Level 1 of the Depths
 79186 | Depths:1 | Found a gateway to Hell.
 79269 | Depths:1 | Noticed Mara
 79273 | Depths:1 | Reached skill level 15 in Shields
 79274 | Depths:1 | Noticed shadowrider38's illusion
 79298 | Depths:1 | Killed Mara
 79520 | Depths:1 | Reached skill level 9 in Stealth
 79588 | Depths:1 | Found a runed translucent door.
 79588 | Depths:1 | Found a glowing silver altar of Zin.
 79659 | Depths:1 | Noticed Saint Roka
 79671 | Depths:1 | Killed Saint Roka
 79990 | Depths:1 | Found a one-way gate to the infinite horrors of the Abyss.
 80066 | Depths:2 | Found a one-way gate leading to the halls of Pandemonium.
 80278 | Depths:2 | Noticed Bai Suzhen
 80286 | Depths:2 | Killed Bai Suzhen
 80418 | Depths:2 | Found a large runed translucent door.
 80418 | Depths:2 | Found a large runed translucent door.
 80423 | Depths:2 | Noticed Xoedokom's ghost (adept TrMo)
 81762 | Shoals:4 | Learned a level 6 spell: Plasma Beam
 82144 | Depths:2 | Noticed an ancient lich
 82144 | Depths:2 | Identified the Tome of Silt and Ill Luck
 82150 | Depths:2 | Killed an ancient lich
 82649 | Depths:3 | Found an ancient bone altar of Kikubaaqudgha.
 82863 | Depths:3 | Found Fadom's Distillery.
 82929 | Depths:3 | Bought a potion of heal wounds for 120 gold pieces
 83504 | Depths:3 | Noticed a dread lich
 83509 | Depths:3 | Killed a dread lich
 83537 | Depths:3 | Found Ycvonoxa's Jewellery Shop.
 83657 | Depths:3 | Found Fitihadgh's Magic Scroll Boutique.
 83691 | Depths:3 | Found Faggerr's Jewellery Boutique.
 84163 | Depths:4 | Entered Level 4 of the Depths
 84284 | Depths:4 | Reached XP level 26. HP: 201/201 MP: 44/44
 84382 | Depths:4 | Reached skill level 9 in Air Magic
 84527 | Depths:4 | Found a one-way gateway to a ziggurat.
 84622 | Depths:4 | Found a gate to the Realm of Zot.
 85538 | Depths:4 | Learned a level 8 spell: Maxwell's Capacitive Coupling
 85815 | Crypt:1  | Entered Level 1 of the Crypt
 87044 | Crypt:2  | Noticed Sojobo
 87046 | Crypt:2  | Killed Sojobo
 87252 | Crypt:2  | Noticed a royal mummy
 87257 | Crypt:2  | Killed a royal mummy
 87258 | Crypt:2  | Noticed Khufu
 87260 | Crypt:2  | Killed Khufu
 87274 | Crypt:2  | Reached skill level 15 in Air Magic
 87307 | Crypt:2  | Noticed a royal mummy
 87316 | Crypt:2  | Killed a royal mummy
 87770 | Crypt:3  | Entered Level 3 of the Crypt
 88081 | Crypt:3  | Found a basalt altar of Yredelemnul.
 88664 | Crypt:3  | Identified the +7 quarterstaff of Ajyuso {heavy, rF+ Dex+2}
 88722 | Crypt:3  | Noticed a dread lich
 88728 | Crypt:3  | Killed a dread lich
 88730 | Crypt:3  | Reached skill level 15 in Earth Magic
 88762 | Crypt:3  | Found a staircase to the Tomb.
 88766 | Crypt:3  | Identified the Exposition on Impulse and Jinxing
 89106 | Crypt:3  | Learned a level 9 spell: Shatter
 89371 | Depths:3 | Bought the granite talisman "Ytug" {Int+3} for 1744 gold
                  | pieces
 89450 | Depths:3 | Voluntarily entered the Abyss.
 89467 | Abyss:2  | Found a corrupted altar of Lugonu.
 89570 | Abyss:3  | Found a corrupted altar of Lugonu.
 89571 | Abyss:3  | Found a corrupted altar of Lugonu.
 89571 | Abyss:3  | Found a corrupted altar of Lugonu.
 89603 | Abyss:3  | Reached XP level 27. HP: 212/212 MP: 46/46
 89619 | Abyss:3  | Found a corrupted altar of Lugonu.
 89826 | Abyss:3  | Found a corrupted altar of Lugonu.
 89826 | Abyss:3  | Found a corrupted altar of Lugonu.
 89826 | Abyss:3  | Found a corrupted altar of Lugonu.
 89861 | Abyss:3  | Found a corrupted altar of Lugonu.
 89876 | Abyss:3  | Got an abyssal rune of Zot
 89895 | Abyss:4  | Found a corrupted altar of Lugonu.
 89937 | Depths:3 | Escaped the Abyss
 90446 | Depths:3 | Bought a potion of enlightenment for 120 gold pieces
 90506 | Pan      | Entered Pandemonium
 91344 | Pan      | Found a transporter.
 91368 | Pan      | Found an exit through the horrors of the Abyss.
 93379 | Pan      | Found a runed translucent door.
 93384 | Pan      | Found a runed translucent door.
 93385 | Pan      | Noticed Duas Kei the pandemonium lord
 93950 | Pan      | Found a runed translucent door.
 93968 | Pan      | Noticed Samirgh the pandemonium lord
 93968 | Pan      | Found a huge runed translucent gate.
 93968 | Pan      | Found a huge runed translucent gate.
 93968 | Pan      | Found a huge runed translucent gate.
 93968 | Pan      | Found a huge runed translucent gate.
 93968 | Pan      | Found a huge runed translucent gate.
 93968 | Pan      | Found a huge runed translucent gate.
 93968 | Pan      | Found a huge runed translucent gate.
 93978 | Pan      | Gained mutation: You sometimes lose your temper in combat.
                  | [a cacodemon]
 93980 | Pan      | Entered the realm of Mnoleg.
 93982 | Pan      | Killed Samirgh the pandemonium lord
 93983 | Pan      | Reached skill level 21 in Earth Magic
 94073 | Pan      | Noticed Mnoleg
 94076 | Pan      | Killed Mnoleg
 94403 | Pan      | Learned a level 8 spell: Lehudib's Crystal Spear
 94409 | Pan      | Learned a level 4 spell: Passage of Golubria
 94470 | Pan      | Learned a level 5 spell: Borgnjor's Vile Clutch
 94487 | Pan      | Gained mutation: Your magical capacity is low. (-10% MP) [a
                  | neqoxec]
 94542 | Pan      | Gained mutation: Your health recovers twice as slowly from
                  | being drained. [a neqoxec]
 94543 | Pan      | Gained mutation: Your body sometimes deteriorates upon
                  | taking damage. [a neqoxec]
 94546 | Pan      | Reached skill level 15 in Spellcasting
 94552 | Pan      | Gained mutation: You are weak. (Str -2) [a cacodemon]
 94555 | Pan      | Identified the +2 helmet of Satisfaction {Fly rPois Str+2}
 94561 | Pan      | Gained mutation: You occasionally lose the ability to read
                  | scrolls when taking damage. [a cacodemon]
 94567 | Pan      | Gained mutation: Potions are less effective at restoring
                  | your health. [a cacodemon]
 94580 | Pan      | Got a glowing rune of Zot
 94602 | Pan      | Gained mutation: You frequently scream uncontrollably at
                  | your foes. [a neqoxec]
 94761 | Pan      | Lost mutation: Your body sometimes deteriorates upon taking
                  | damage. [potion of mutation]
 94761 | Pan      | Lost mutation: You occasionally lose the ability to read
                  | scrolls when taking damage. [potion of mutation]
 94761 | Pan      | Lost mutation: You are frail. (-10% HP) [potion of
                  | mutation]
 94762 | Pan      | Lost mutation: You are weak. (Str -2) [potion of mutation]
 94762 | Pan      | Lost mutation: Potions are less effective at restoring your
                  | health. [potion of mutation]
 94762 | Pan      | Lost mutation: You frequently scream uncontrollably at your
                  | foes. [potion of mutation]
 94762 | Pan      | Gained mutation: You do not regenerate when monsters are
                  | visible. [potion of mutation]
 94763 | Pan      | Lost mutation: You do not regenerate when monsters are
                  | visible. [potion of mutation]
 94763 | Pan      | Lost mutation: Your magical capacity is low. (-10% MP)
                  | [potion of mutation]
 94763 | Pan      | Gained mutation: You have sharp toenails. [potion of
                  | mutation]
 94763 | Pan      | Gained mutation: Your mind is acute. (Int +4, Str/Dex -1)
                  | [potion of mutation]
 94764 | Pan      | Lost mutation: You occasionally shout uncontrollably at
                  | your foes. [potion of mutation]
 94764 | Pan      | Lost mutation: You sometimes lose your temper in combat.
                  | [potion of mutation]
 94764 | Pan      | Gained mutation: Your magical capacity is low. (-10% MP)
                  | [potion of mutation]
 95519 | Pan      | Found an exit through the horrors of the Abyss.
 95529 | Depths:2 | Escaped Pandemonium
 95794 | Zig:1    | Entered Level 1 of a ziggurat
 95824 | Zig:2    | Entered Level 2 of a ziggurat
 95846 | Zig:3    | Entered Level 3 of a ziggurat
 95925 | Zig:4    | Entered Level 4 of a ziggurat
 95993 | Zig:5    | Entered Level 5 of a ziggurat
 95997 | Zig:5    | Identified Sif Muna's Handbook of the Mighty Sun
 95997 | Zig:5    | Identified the Tractate on Exothermic Breccia
 95998 | Zig:5    | Noticed Neluash the pandemonium lord
 95999 | Zig:5    | Gained mutation: You sometimes lose your temper in combat.
                  | [a cacodemon]
 96004 | Zig:5    | Killed Neluash the pandemonium lord
 96005 | Zig:5    | Reached skill level 15 in Fighting
 96176 | Zig:6    | Entered Level 6 of a ziggurat
 96183 | Zig:6    | Noticed an orb of fire
 96187 | Zig:6    | Killed an orb of fire
 96261 | Zig:7    | Entered Level 7 of a ziggurat
 96267 | Zig:7    | Identified the +0 plate armour of Magic {Harm rCorr}
 96273 | Zig:7    | Identified the +11 halberd of the Tortured God {speed,
                  | Stlth+}
 96313 | Zig:8    | Entered Level 8 of a ziggurat
 96318 | Zig:8    | Identified the +7 trident of the Other Side {vamp, Fly
                  | rC++}
 96319 | Zig:8    | Identified the Codex of Friendly Places
 96440 | Zig:9    | Entered Level 9 of a ziggurat
 96456 | Zig:9    | Identified the +3 shortbow of Shrieking Terror {heavy, rC+
                  | rCorr Str+5 Int-3}
 96457 | Zig:9    | Identified the staff of Repieg {rPois MP+9 Alchemy}
 96457 | Zig:9    | Identified the +4 spear "Fueg" {freeze, Str+2}
 96533 | Zig:10   | Entered Level 10 of a ziggurat
 96539 | Zig:10   | Identified the +5 great sword of Stained Defence {heavy,
                  | rC+ Stlth+}
 96541 | Zig:10   | Paralysed by an air elemental for 1 turns
 96542 | Zig:10   | Reached skill level 15 in Stealth
 96622 | Zig:11   | Entered Level 11 of a ziggurat
 96626 | Zig:11   | Noticed Jodecid the pandemonium lord
 96626 | Zig:11   | Noticed Omith the pandemonium lord
 96628 | Zig:11   | Noticed Dixoinot the pandemonium lord
 96630 | Zig:11   | Killed Omith the pandemonium lord
 96636 | Zig:11   | Killed Jodecid the pandemonium lord
 96644 | Zig:11   | Killed Dixoinot the pandemonium lord
 96803 | Zig:11   | Identified the amulet of the Bespelled Eggfruit {Reflect
                  | Harm rPois rN+ Will- SH+5}
 96804 | Zig:11   | Identified the Compendium of Open Graves
 96834 | Zig:12   | Entered Level 12 of a ziggurat
 96846 | Zig:12   | Identified Byhoiv's Quarto of the Hurtful Blink Frog
 96916 | Zig:13   | Entered Level 13 of a ziggurat
 96932 | Zig:13   | Identified the Book of Warped Beguiling
 97117 | Zig:14   | Entered Level 14 of a ziggurat
 97127 | Zig:14   | Gained mutation: Your magical capacity is very low. (-20%
                  | MP) [a shining eye]
 97129 | Zig:14   | Identified the Handbook of the Atmospheric Traveller
 97129 | Zig:14   | Identified the +0 pair of gloves of the King of the Hill
                  | {Rampage rPois rN+++ Dex-4}
 97133 | Zig:14   | Identified the +9 dagger of the Pariah {vamp, rN+}
 97180 | Zig:14   | Lost mutation: You have sharp toenails. [potion of
                  | mutation]
 97180 | Zig:14   | Lost mutation: Your mind is acute. (Int +4, Str/Dex -1)
                  | [potion of mutation]
 97180 | Zig:14   | Lost mutation: You are clumsy. (Dex -2) [potion of
                  | mutation]
 97180 | Zig:14   | Gained mutation: You have hidden genetic potential. [potion
                  | of mutation]
 97192 | Zig:15   | Entered Level 15 of a ziggurat
 97196 | Zig:15   | Noticed a royal mummy
 97201 | Zig:15   | Killed a royal mummy
 97201 | Zig:15   | Noticed a royal mummy
 97206 | Zig:15   | Killed a royal mummy
 97541 | Zig:15   | Identified the staff of Wrath {rElec rPois rF+ Str-5 Dex+4
                  | Fire}
 97541 | Zig:15   | Identified Batwopna's Magic for Apprentices
 97579 | Zig:15   | Identified the +4 mace of the Briny Deep {pain, ^Fragile
                  | rC- Str+3 Int+5 Stlth+}
 97579 | Zig:15   | Identified the +7 short sword of Arbitration {flame, *Noise
                  | rF+ rN+ Int+2}
 97579 | Zig:15   | Identified the scarf "Kaadir" {repulsion, rF+ Will+}
 97612 | Zig:16   | Entered Level 16 of a ziggurat
 97622 | Zig:16   | Identified the ring "Guocojoe" {MP+9 Dex+6}
 97623 | Zig:16   | Identified the Handbook of Numb Sciomancy
 97626 | Zig:16   | Reached skill level 21 in Stealth
 97627 | Zig:16   | Identified the +7 war axe "Peadweysku" {freeze, rPois rN++
                  | rCorr Stlth-}
 97732 | Zig:17   | Entered Level 17 of a ziggurat
 97744 | Zig:17   | Noticed an ancient lich
 97744 | Zig:17   | Identified the Directory of Conflagrant Reformation
 97744 | Zig:17   | Identified the +0 chain mail "Xiazifyet" {Slay+3}
 97745 | Zig:17   | Noticed an ancient lich
 97745 | Zig:17   | Noticed an ancient lich
 97746 | Zig:17   | Killed an ancient lich
 97746 | Zig:17   | Killed an ancient lich
 97746 | Zig:17   | Killed an ancient lich
 97747 | Zig:17   | Noticed a dread lich
 97748 | Zig:17   | Identified the +0 ring mail of Jaiwebb {rN+}
 97754 | Zig:17   | Killed a dread lich
 97859 | Zig:17   | Identified Yvvecvuq's Omnibus of Fascination and Attacks
 97873 | Zig:17   | Learned a level 5 spell: Irradiate
 97992 | Zig:18   | Entered Level 18 of a ziggurat
 98007 | Zig:18   | Identified the ring of the Sky {+Blink MP+9 Str-3 Int+8}
 98091 | Zig:19   | Entered Level 19 of a ziggurat
 98275 | Zig:19   | Identified the +7 great sword "Ebepsunt" {flame, rPois
                  | Will+++ Dex+2 SInv}
 98275 | Zig:19   | Identified the +5 battleaxe of the Nexus {protect, *Rage
                  | Int+3 Dex+6 Stlth+}
 98288 | Zig:19   | Identified the staff "Raereog" {Fly rPois rF+ Will++ Stlth+
                  | Fire}
 98289 | Zig:19   | Identified the +0 hand axe of Ferocious Defiance
                  | {antimagic, Fly rCorr Int-5}
 98333 | Zig:20   | Entered Level 20 of a ziggurat
 98346 | Zig:20   | Identified the ring "Ytaetegu" {Wiz rF- Slay+3 SInv Stlth+}
 98346 | Zig:20   | Identified the +3 pearl dragon scales of the Stars {+Blink
                  | rN+}
 98361 | Zig:20   | Gained mutation: Your spells are a little harder to cast,
                  | but a little more powerful. [hidden potential]
 98452 | Zig:21   | Entered Level 21 of a ziggurat
 98458 | Zig:21   | Noticed Jitwei the pandemonium lord
 98459 | Zig:21   | Noticed Xuqisiud the pandemonium lord
 98461 | Zig:21   | Noticed Honn the pandemonium lord
 98462 | Zig:21   | Noticed Vaowujisk the pandemonium lord
 98462 | Zig:21   | Noticed Xisixomo the pandemonium lord
 98462 | Zig:21   | Noticed Darul the pandemonium lord
 98462 | Zig:21   | Noticed Gacops the pandemonium lord
 98464 | Zig:21   | Noticed Witu the pandemonium lord
 98465 | Zig:21   | Identified the ring "Osul" {rF+ Str+5 Dex+6}
 98465 | Zig:21   | Identified the +4 scale mail of the Game of Kings {rElec
                  | rPois rC+}
 98469 | Zig:21   | Identified the Octavo of the Voyage and the Morgue
 98479 | Depths:4 | Killed Jitwei the pandemonium lord
 98480 | Depths:4 | Reached skill level 21 in Spellcasting
 98758 | Depths:4 | Learned a level 7 spell: Spellforged Servitor
 98851 | Pan      | Entered the realm of Lom Lobon.
 98851 | Pan      | Entered Pandemonium
 98944 | Pan      | Found an exit through the horrors of the Abyss.
 98959 | Pan      | Noticed Ignacio
 98962 | Pan      | Killed Ignacio
 98963 | Pan      | Reached skill level 3 in Summonings
 99077 | Pan      | Took an exit into the Abyss.
 99077 | Abyss:4  | Escaped into the Abyss
 99087 | Abyss:4  | Found a corrupted altar of Lugonu.
 99110 | Depths:2 | Escaped the Abyss
 99184 | Zot:1    | Entered Level 1 of the Realm of Zot
 99184 | Zot:1    | Found the +4 dragonskin cloak
 99184 | Zot:1    | Noticed Tiamat
 99514 | Zot:1    | Killed Tiamat
 99927 | Zot:5    | Entered Level 5 of the Realm of Zot
 99990 | Zot:5    | Reached skill level 9 in Summonings
100505 | Zot:5    | Noticed an orb of fire
100540 | Zot:5    | Gained mutation: You are occasionally teleported next to
                  | monsters. [an orb of fire]
100542 | Zot:5    | Killed an orb of fire
100543 | Zot:5    | Lost mutation: You sometimes lose your temper in combat.
                  | [potion of mutation]
100543 | Zot:5    | Lost mutation: You have hidden genetic potential. [potion
                  | of mutation]
100543 | Zot:5    | Gained mutation: Your flesh is heat resistant. (rF+)
                  | [potion of mutation]
100544 | Zot:5    | Lost mutation: Your magical capacity is very low. (-20% MP)
                  | [potion of mutation]
100544 | Zot:5    | Lost mutation: Your magical capacity is low. (-10% MP)
                  | [potion of mutation]
100544 | Zot:5    | Lost mutation: Your flesh is heat resistant. (rF+) [potion
                  | of mutation]
100544 | Zot:5    | Gained mutation: You have hidden genetic potential. [potion
                  | of mutation]
100545 | Zot:5    | Lost mutation: You have hidden genetic potential. [potion
                  | of mutation]
100545 | Zot:5    | Lost mutation: You are occasionally teleported next to
                  | monsters. [potion of mutation]
100545 | Zot:5    | Gained mutation: You are robust. (+10% HP) [potion of
                  | mutation]
100545 | Zot:5    | Gained mutation: Your body sometimes deteriorates upon
                  | taking damage. [potion of mutation]
100545 | Zot:5    | Gained mutation: Your tail ends in a venomous barb. [potion
                  | of mutation]
100548 | Zot:5    | Noticed an orb of fire
100550 | Zot:5    | Gained mutation: You expend magic power (3 MP) to
                  | strengthen your wands. [an orb of fire]
100550 | Zot:5    | Gained mutation: You are clumsy. (Dex -2) [an orb of fire]
100551 | Zot:5    | Killed an orb of fire
100598 | Zot:5    | Noticed an ancient lich
100606 | Zot:5    | Noticed an orb of fire
100611 | Zot:5    | Killed an ancient lich
100612 | Zot:5    | Killed an orb of fire
101027 | Zot:5    | Got the Orb of Zot
101044 | Zot:5    | Noticed an ancient lich
101049 | Zot:5    | Killed an ancient lich
101478 | D:13     | Noticed Bosacori the pandemonium lord
101542 | D:8      | Noticed Naiphinov the pandemonium lord
101555 | D:8      | Noticed Ikkol the pandemonium lord
101849 | D:$      | Escaped with the Orb!

Illustrated notes

Levels and vault maps discovered:
D:1:      minmay_arrival_solitary_statue, layout_loops_corners,
          serial_co_window_serial, co_window_paths_b, co_window_paths_a,
          co_window_corner_a, co_window_paths_a, co_window_paths_b,
          co_window_cross_4, co_window_unsneaky_path_e, co_window_corner_b,
          co_window_broadway_c, co_window_2corner, co_window_of_opportunity_c,
          glass_columns_a, glass_columns_a, glass_columns_c, glass_columns_a
D:2:      layout_basic, kennysheep_generic_room_12
D:3:      layout_loops_ring, lightli_temple_of_fire, basic_ecumenical_altar,
          dreamdust_princess_bridge, kennysheep_crisscross
D:4:      layout_basic, mainiacjoe_overflow_boulevard, serial_shops, shop,
          uniq_edmund, uniq_ijyb
D:5:      layout_basic
D:6:      layout_rooms, temple_hall, nicolae_titane, uniq_eustachio,
          uniq_sigmund
D:7:      layout_loops_ring, mainiacjoe_overflow_alcove_1, minmay_between,
          uniq_maggie
D:8:      layout_cave_pods, fedhas_altar_4, grunt_ministairs_5
D:9:      nicolae_cairo_tiling_large, layout_loops_ring, kennysheep_little_box,
          minitemple, serial_shops, nicolae_diamond_shop, minivault_27,
          minmay_diamond_spiral
D:10:     layout_basic, tso_oasis_becter, grunt_lair_entry_orc_guard_hut,
          dreamdust_mushroom_princess
D:11:     layout_loops_corners, zin_purify
D:12:     layout_basic, minmay_orc_entry_temple_small
D:13:     layout_stronghold, uniq_rupert
D:14:     minmay_crescents, layout_gridville, hellmonk_vaults_keyhole,
          ebering_ghost_reflecting_pool
D:15:     grunt_enter_depths_hoard, layout_basic,
          serial_library_hellmonk_statue_hall, serial_glass, glass_columns_b,
          glass_columns_b, uniq_roxanne, uniq_jorgrun
Lair:1:   layout_cave_pods, basic_altar
Lair:2:   layout_regular_city, minmay_shoals_entry_beasts, beast_lair_carwin_7,
          infiniplex_staircase_pool, grunt_megastairs_5, serial_bayou_shore_b,
          lemuel_fruit_fields
Lair:3:   layout_regular_city, guppyfry_snake_entry_island,
          nicolae_quartered_pool_little
Lair:4:   layout_loops_ring, minmay_slime_entry_pillars, serial_bayou_shore_a,
          lemuel_fruit_tree, grunt_megastairs_3
Lair:5:   evilmike_catoblepas_cave, layout_regular_city, gammafunk_ghost_hive
Shoals:1: layout_shoals, nicolae_shoals_this_corrosion, uniq_louise
Shoals:2: nicolae_shoals_lighthouse, layout_shoals, serial_shops, shop, shop,
          shop, nicolae_shop_tiny_waterfront, uniq_donald
Shoals:3: nicolae_shoals_offshore_bank_account, layout_shoals,
          nicolae_island_escapes, uniq_polyphemus
Shoals:4: shoals_end_grunt_garden, layout_shoals, shoal_ilsuiw, serial_shops,
          shop, portal_ice_cave_entry_pillars_four
Snake:1:  layout_layer_cave, basic_altar, minmay_shop_grove, uniq_kirke
Snake:2:  layout_misc_corridors, ebering_ghost_xom, uniq_aizul
Snake:3:  layout_chambers, serial_bayou_crossing, uniq_azrael
Snake:4:  grunt_snake_rune_pools, layout_basic, uniq_vashnia
Slime:1:  layout_caves
Slime:2:  layout_caves, nicolae_slime_welcoming_committee
Slime:3:  layout_caves
Slime:4:  layout_caves
Slime:5:  slime_pit_nicolae_royal_road_to_ruin
Orc:1:    cheibrodos_orc_bank, layout_diamond_mine, serial_shops, shop
Orc:2:    pubby_orc_utopia
Elf:1:    minmay_elf_arrival_circle, layout_gridlike, hangedman_corner_corridor,
          dreamdust_wishing_well, nicolae_wooded_promenade,
          lemuel_upstairs_altar
Elf:2:    nicolae_elf_blades_crystal_corner, layout_onion_city
Elf:3:    minmay_elf_hall_statues, layout_geoelf_octagon, serial_shops, shop
Vaults:1: gammafunk_ghost_tricky_traps, nicolae_vaults_double_plus_1,
          ontoclasm_vaults_ring_large, nicolae_vaults_network_star, st_check,
          grunt_vaults_hallway_short, v_alt_pattern_5,
          nicolae_vaults_specimen_jars, v_misc_13, v_pattern_5,
          nicolae_vaults_theta, ontoclasm_vaults_chip,
          vaults_room_grunt_arrival_ludios, layout_vaults_omnicross
Vaults:2: gammafunk_ghost_crypt, vaults_room_ringed_pool,
          nicolae_vaults_sightless_eye, nicolae_vaults_house_1,
          minmay_crypt_entry_necro_gods, nicolae_vaults_asterisk,
          nicolae_vaults_closet_pinwheel_3, nicolae_vaults_off_center_swirl,
          v_rooms_3, nicolae_vaults_hallways_thing, layout_vaults_omnibox
Vaults:3: grunt_vaults_hallway_short, v_misc_5,
          nicolae_vaults_storage_closets_2, v_misc_26, v_misc_33,
          nicolae_vaults_variable_pillar_hall, vaults_room_corners,
          nicolae_vaults_doubleplus_tesselated, serial_ice_m,
          nicolae_vaults_enemy_cabinets, nicolae_vaults_trapezoid_2,
          layout_vaults_omnigrid, uniq_asterion, uniq_nikola
Vaults:4: nicolae_vaults_trapezoid_4, vaults_dpeg_ring,
          ontoclasm_vaults_ligature, vaults_room_boxed,
          nicolae_vaults_storage_room_water, nicolae_vaults_octothorpe,
          vaults_dpeg_diagonal, v_alt_pattern_2, grunt_vaults_hallway_short,
          nicolae_vaults_surprise_closet_hard, layout_vaults_chaotic_city
Vaults:5
Crypt:1:  layout_regular_city, roderic_lattice_octagonal_star
Crypt:2:  layout_misc_corridors, uniq_khufu, uniq_sojobo
Crypt:3:  grunt_crypt_end_deaths_head
Depths:1: layout_roguey, hell_entry, abyss_entry, minmay_misc_feat_columns,
          lemuel_angel_altar, uniq_mara, uniq_saint_roka
Depths:2: nicolae_cairo_tiling_very_big, layout_basic, special_room
          [special_room_magic_class], minmay_misc_feat_roman, pan_entry,
          hell_entry, ebering_ghost_disaster_area, uniq_bai_suzhen
Depths:3: minmay_outward_triangles, layout_basic, serial_shops, shop, shop,
          shop, kennysheep_mini_moat, grunt_hell_entry_dis_grunt,
          nicolae_kikubaaqudgha_miasma_corner, abyss_entry,
          infiniplex_staircase_spiral_double
Depths:4: grunt_zot_entry_alcove, layout_gridlike, enter_ziggurat_b,
          minivault_11, abyss_entry, hellmouth_1
Zot:1:    layout_onion_interference, regret_index_zotdec_carving_tricks,
          uniq_tiamat
Zot:2:    layout_cathedral_of_symmetry, grunt_megastairs_2
Zot:3:    layout_twisted_circle, st_stairs_7
Zot:4:    layout_gridlike, regret_index_zotdec_banners
Zot:5:    layout_misc_corridors

Skill      XL: |  1  2  3  4  5  6  7  8  9 10 11 12 13 14 15 16 17 18 19 20 21 22 23 24 25 26 27 |
---------------+----------------------------------------------------------------------------------+-----
Stealth        | 2 10 21 | 21.0
Fighting       | 1 2 3 6 9 10 11 12 16 | 16.3
Dodging        | 2 3 5 7 8 11 12 | 12.0
Conjurations   | 5 6 7 8 9 10 11 | 11.3
Spellcasting   | 3 4 5 6 9 11 14 21 | 21.6
Alchemy        | 4 6 8 9 10 | 10.0
Translocations | 1 5 7 8 9 |  9.8
Staves         | 6 8 10 14 | 14.0
Fire Magic     | 4 9 12 15 18 19 | 19.1
Evocations     | 3 6 8 9 11 12 | 12.0
Ice Magic      | 2 6 |  6.1
Air Magic      | 3 8 15 | 15.3
Shields        | 2 3 12 14 15 | 15.0
Shapeshifting  | 5 7 13 15 16 | 16.0
Earth Magic    | 7 12 15 21 | 21.7
Summonings     | 12 | 12.6

Action                     |  1- 3 |  4- 6 |  7- 9 | 10-12 | 13-15 | 16-18 | 19-21 | 22-24 | 25-27 || total
---------------------------+-------+-------+-------+-------+-------+-------+-------+-------+-------++-------
  Melee: Unarmed           |     6 |       |       |       |       |       |       |       |       ||     6
         Dagger            |     1 |    25 |       |       |       |       |       |       |       ||    26
         Tailslap          |     1 |     3 |     5 |    12 |    21 |    16 |    54 |    35 |    97 ||   244
         Quarterstaff      |       |       |    38 |   134 |   127 |       |       |       |       ||   299
         Staff             |       |       |       |       |     3 |    74 |   220 |   164 |   337 ||   798
         Maw               |       |       |       |       |       |       |       |     8 |       ||     8
         Kick              |       |       |       |       |       |       |       |       |     6 ||     6
   Cast: Magic Dart        |    85 |    14 |     8 |       |       |       |       |       |       ||   107
         Searing Ray       |    11 |    12 |    13 |       |       |       |       |       |       ||    36
         Fulminant Prism   |       |     2 |    65 |    90 |    32 |    19 |    19 |       |       ||   227
         Iskenderun's Myst |       |       |     7 |    26 |    31 |    61 |    78 |    31 |    10 ||   244
         Olgreb's Toxic Ra |       |       |     2 |   108 |   376 |     8 |   505 |   306 |   207 ||  1512
         Ignite Poison     |       |       |       |    30 |   168 |     3 |   213 |   129 |    81 ||   624
         Freezing Cloud    |       |       |       |       |    24 |   146 |   119 |    81 |    70 ||   440
         Dispersal         |       |       |       |       |     1 |     3 |     7 |     5 |    11 ||    27
         Eringya's Noxious |       |       |       |       |     1 |       |     1 |     5 |     1 ||     8
         Lee's Rapid Decon |       |       |       |       |       |       |    37 |    46 |    55 ||   138
         Ignition          |       |       |       |       |       |       |       |    18 |    89 ||   107
         Plasma Beam       |       |       |       |       |       |       |       |       |   387 ||   387
         Maxwell's Capacit |       |       |       |       |       |       |       |       |    21 ||    21
         Borgnjor's Vile C |       |       |       |       |       |       |       |       |   103 ||   103
         Shatter           |       |       |       |       |       |       |       |       |    97 ||    97
         Lehudib's Crystal |       |       |       |       |       |       |       |       |    68 ||    68
         Spellforged Servi |       |       |       |       |       |       |       |       |    23 ||    23
         Passage of Golubr |       |       |       |       |       |       |       |       |    21 ||    21
 Invoke: Curse Item        |       |     1 |     1 |     4 |     2 |     2 |     3 |     3 |     3 ||    19
         Shatter the Chain |       |       |     1 |       |     2 |       |     2 |     4 |     1 ||    10
Ability: Breathe Steam     |       |       |     7 |     6 |     5 |     4 |       |       |       ||    22
         Evoke Blink       |       |       |       |       |       |       |       |       |     1 ||     1
  Evoke: Wand              |       |       |       |     2 |     1 |     1 |     2 |       |    23 ||    29
         Tin of tremorston |       |       |       |       |       |       |     2 |       |       ||     2
         Lightning rod     |       |       |       |       |       |       |     3 |       |    10 ||    13
         Phial of floods   |       |       |       |       |       |       |     1 |       |       ||     1
         Phantom mirror    |       |       |       |       |       |       |       |     1 |     1 ||     2
         Sack of spiders   |       |       |       |       |       |       |       |       |     3 ||     3
    Use: Scroll            |     5 |     4 |     2 |     1 |     4 |       |     6 |     7 |    40 ||    69
         Potion            |       |     1 |     1 |       |       |     3 |     2 |     6 |    42 ||    55
   Stab: Sleeping          |       |     1 |       |     1 |       |       |     1 |       |       ||     3
         Distracted        |       |       |       |     1 |     1 |       |       |       |     2 ||     4
 Armour: Skin              |     7 |    33 |    49 |   127 |   261 |   167 |   784 |   561 |  1531 ||  3520
  Dodge: Dodged            |    15 |    17 |    28 |    95 |   203 |    84 |   460 |   362 |   898 ||  2162
  Block: Buckler           |       |       |       |       |     7 |    48 |    76 |       |       ||   131
         Kite shield       |       |       |       |       |       |       |   619 |   511 |  1348 ||  2478
   Form: Statue            |       |       |       |       |       |     2 |       |     1 |     1 ||     4
         Blade             |       |       |       |       |       |     1 |       |       |       ||     1
         Maw               |       |       |       |       |       |       |       |     1 |       ||     1
